 Dungeon Crawl Stone Soup version 0.27.1-4-g1640c2035a (webtiles) character file.

Game seed: 13073695143039610142

16299260 Elvor the Archmage (level 27, 195/195 HPs)
             Began as a Deep Elf Conjurer on Oct 22, 2021.
             Was the Champion of Vehumet.
             Escaped with the Orb
             ... and 15 runes on Nov 1, 2021!
             The game lasted 1 day 02:26:20 (96481 turns).

Elvor the Archmage (Deep Elf Conjurer)         Turns: 96481, Time: 1 , 02:26:20

Health: 195/195    AC: 29    Str: 16    XL:     27
Magic:  29/61      EV: 22    Int: 52    God:    Vehumet [******]
Gold:   11313      SH: 15    Dex: 11    Spells: 0/80 levels left

rFire    + . .     SeeInvis +   r - +6 double sword (holy)
rCold    + + .     Faith    .   A - +2 kite shield of Resonance {Str+4 SInv}
rNeg     + . .     Spirit   +   U - +4 moon troll leather armour {Spirit, Regen++ MP+5}
rPois    +         Reflect  .   c - +2 hat of the Bear Spirit {Spirit, +Rage rN+ Will++}
rElec    +         Harm     .   y - +2 cloak of Impermeability {rF+ Regen+ Int+2}
rCorr    .         Rampage  .   k - +2 pair of gloves
Will     ++++.                  R - +5 pair of boots "Waesmueni" {+Inv}
Stlth    +++.......             D - amulet of Budghiass {RegenMP rElec Int+4}
HPRegen  3.42/turn              d - ring "Pumiha Kaxypn" {Contam Drain rPois rC+ Int+9}
MPRegen  0.62/turn              o - ring of the Purple Skies {rC+ Str+6 Int+4}

@: studying 2 skills
A: antennae 1, beak, iridescent scales 1, clumsy 1, deterioration 2, weak 1
0: Orb of Zot
}: 15/15 runes: decaying, serpentine, slimy, silver, golden, iron, obsidian,
icy, bone, abyssal, demonic, glowing, magical, fiery, dark
a: Renounce Religion, Evoke Berserk Rage, Evoke Invisibility


You escaped.
You worshipped Vehumet.
Vehumet was exalted by your worship.
You visited 18 branches of the dungeon, and saw 89 of its levels.
You visited Pandemonium 2 times, and saw 16 of its levels.
You visited the Abyss 2 times.
You visited 1 bazaar.
You also visited: Trove, Ossuary, Volcano and Wizlab.

You collected 20048 gold pieces.
You spent 8735 gold pieces at shops.

Inventory:

Hand Weapons
 e - a +9 demon blade of electrocution
 j - a +3 eudemon blade of holy wrath
 r - a +6 double sword of holy wrath (weapon)
 L - the +11 short sword "Newt's Peril" {vorpal, rPois Int+4}
   (You found it on level 3 of the Tomb of the Ancients)

   It inflicts extra damage upon your enemies.
   Int:       It affects your intelligence (+4).
   rPois:     It protects you from poison.
 O - a +9 vampiric demon blade
Missiles
 b - 4 silver boomerangs
 B - 39 silver javelins
 M - 29 boomerangs
 X - 8 curare-tipped darts
Armour
 c - the +2 hat of the Bear Spirit (worn) {Spirit, +Rage rN+ Will++}
   (You acquired it on level 10 of the Dungeon)

   rN:        It protects you from negative energy.
   +Rage:     It lets you go berserk.
   Will:      It greatly increases your willpower.
 k - a +2 pair of gloves (worn)
 y - the +2 cloak of Impermeability (worn) {rF+ Regen+ Int+2}
   (You found it in a treasure trove)

   Int:       It affects your intelligence (+2).
   rF:        It protects you from fire.
   Regen:     It increases your rate of health regeneration.
 A - the +2 kite shield of Resonance (worn) {Str+4 SInv}
   (You found it on level 4 of the Vaults)

   Str:       It affects your strength (+4).
   SInv:      It lets you see invisible.
 R - the +5 pair of boots "Waesmueni" (worn) {+Inv}
   (You found it on level 7 of the Iron City of Dis)

   +Inv:      It lets you turn invisible.
 U - the +4 moon troll leather armour (worn) {Spirit, Regen++ MP+5}
   (You bought it in a shop on level 6 of the Dungeon)

   MP:        It affects your magic capacity (+5).
   Regen:     It increases your rate of health regeneration.
Magical Staves
 F - a staff of earth
Jewellery
 d - the ring "Pumiha Kaxypn" (left hand) {Contam Drain rPois rC+ Int+9}
   (You acquired it on level 2 of the Snake Pit)

   [ring of protection from cold]

   Int:       It affects your intelligence (+9).
   rC:        It protects you from cold.
   rPois:     It protects you from poison.
   Contam:    It causes magical contamination when unequipped.
   Drain:     It drains your maximum health when unequipped.
 o - the ring of the Purple Skies (right hand) {rC+ Str+6 Int+4}
   (You found it on level 7 of Tartarus)

   [ring of strength]

   Str:       It affects your strength (+6).
   Int:       It affects your intelligence (+4).
   rC:        It protects you from cold.
 D - the amulet of Budghiass (around neck) {RegenMP rElec Int+4}
   (You bought it in a shop on level 2 of the Orcish Mines)

   [amulet of magic regeneration]

   It increases your rate of magic regeneration.
   Int:       It affects your intelligence (+4).
   rElec:     It insulates you from electricity.
Wands
 h - a wand of digging (38)
 p - a wand of paralysis (21)
 E - a wand of acid (4)
 G - a wand of iceblast (19)
 P - a wand of charming (47)
 Y - a wand of polymorph (45)
 Z - a wand of mindburst (6)
Scrolls
 a - 2 scrolls of fog
 g - 11 scrolls of immolation
 q - 9 scrolls of silence
 w - 22 scrolls of teleportation
 H - 6 scrolls of holy word
 I - 7 scrolls of fear
 J - 3 scrolls of summoning
 N - a scroll of amnesia
 V - a scroll of enchant armour
Potions
 i - 7 potions of invisibility
 l - 5 potions of ambrosia
 m - 19 potions of lignification
 n - 6 potions of resistance
 t - 10 potions of might
 u - 6 potions of haste
 v - 38 potions of curing
 x - 7 potions of heal wounds
 z - 10 potions of brilliance
 C - 7 potions of cancellation
 Q - 24 potions of flight
 T - a potion of berserk rage
Miscellaneous
 f - a tin of tremorstones (2/2)
 s - a lightning rod (4/4)
 K - a figurine of a ziggurat


   Skills:
 * Level 25.8 Fighting
 + Level 1.1(11.7) Short Blades
 - Level 16.0 Long Blades
 + Level 6.3 Throwing
 * Level 18.4 Armour
 O Level 27 Dodging
 + Level 19.3 Stealth
 - Level 15.0 Shields
 O Level 27 Spellcasting
 O Level 27 Conjurations
 + Level 4.0 Summonings
 + Level 12.4 Translocations
 + Level 17.0 Transmutations
 + Level 5.8 Fire Magic
 + Level 1.3 Ice Magic
 + Level 13.1 Air Magic
 O Level 27 Earth Magic
 + Level 8.6 Poison Magic
 + Level 1.3 Invocations
 + Level 11.6 Evocations


You couldn't memorise any spells.
You knew the following spells:

 Your Spells              Type           Power      Damage    Failure   Level
a - Apportation           Tloc           100%       N/A       0%          1
b - Blink                 Tloc           N/A        N/A       0%          2
c - Passwall              Tmut/Erth      100%       N/A       0%          2
d - Swiftness             Air            100%       N/A       0%          3
e - Iskenderun's Mystic   Conj/Tloc      100%       2d19      0%          4
f - Petrify               Tmut/Erth      100%       N/A       0%          4
g - Passage of Golubria   Tloc           N/A        N/A       0%          4
h - Lightning Bolt        Conj/Air       67%        1d92      0%          5
i - Lee's Rapid Deconstr  Erth           75%        3d35*     0%          5
j - Fireball              Conj/Fire      63%        3d24      0%          5
k - Iron Shot             Conj/Erth      75%        9d14      0%          6
l - Statue Form           Tmut/Erth      93%        N/A       0%          6
m - Spellforged Servitor  Conj/Summ      62%        N/A       1%          7
n - Lehudib's Crystal Sp  Conj/Erth      75%        10d17     0%          8
o - Shatter               Erth           75%        3d55*     1%          9
p - Chain Lightning       Conj/Air       67%        3d90      1%          9

Your spell library contained the following spells:

 Spells                   Type           Power      Damage    Failure   Level
 Fire Storm               Conj/Fire      63%        8d16      5%          9
 Beastly Appendage        Tmut           100%       N/A       0%          1
 Foxfire                  Conj/Fire      100%       2x1d9     0%          1
 Magic Dart               Conj           100%       1d8       0%          1
 Sandblast                Erth           100%       2d20      0%          1
 Shock                    Conj/Air       100%       1d9       0%          1
 Corpse Rot               Necr/Air       N/A        N/A       0%          2
 Poisonous Vapours        Pois/Air       100%       N/A       0%          2
 Searing Ray              Conj           100%       3d7       0%          2
 Static Discharge         Conj/Air       100%       N/A       0%          2
 Wereblood                Tmut           100%       N/A       0%          2
 Conjure Flame            Conj/Fire      100%       6-21      0%          3
 Dazzling Flash           Conj/Hex       100%       N/A       0%          3
 Gell's Gravitas          Tloc           58%        N/A       0%          3
 Ignite Poison            Fire/Tmut/Pois 100%       N/A       0%          3
 Lesser Beckoning         Tloc           58%        N/A       0%          3
 Mephitic Cloud           Conj/Pois/Air  100%       N/A       0%          3
 Spider Form              Tmut/Pois      58%        N/A       0%          3
 Stone Arrow              Conj/Erth      100%       3d13      0%          3
 Teleport Other           Tloc           100%       N/A       0%          3
 Airstrike                Air            58%        N/A       0%          4
 Animate Armour           Summ/Erth      100%       N/A       0%          4
 Fulminant Prism          Conj/Hex       59%        3d25      0%          4
 Hailstorm                Conj/Ice       100%       3d20      0%          4
 Leda's Liquefaction      Hex/Erth       59%        N/A       0%          4
 Sticky Flame             Conj/Fire      100%       2d11      0%          4
 Blade Hands              Tmut           64%        N/A       0%          5
 Bolt of Magma            Conj/Fire/Erth 67%        4d26      0%          5
 Borgnjor's Vile Clutch   Necr/Erth      59%        N/A       0%          5
 Freezing Cloud           Conj/Ice/Air   60%        6-21      0%          5
 Irradiate                Conj/Tmut      70%        3d37      0%          5
 Iskenderun's Battlesphe  Conj           100%       2d15      0%          5
 Conjure Ball Lightning   Conj/Air       67%        3x3d25    0%          6
 Orb of Destruction       Conj           75%        9d19      0%          7
 Animate Skeleton         Necr           100%       N/A       1%          1
 Corona                   Hex            70%        N/A       1%          1
 Freeze                   Ice            100%       1d11      1%          1
 Pain                     Necr           100%       1d9       1%          1
 Summon Small Mammal      Summ           100%       N/A       1%          1
 Call Imp                 Summ           84%        N/A       1%          2
 Ensorcelled Hibernation  Hex/Ice        100%       N/A       1%          2
 Slow                     Hex            63%        N/A       1%          2
 Sublimation of Blood     Necr           31%        N/A       1%          2
 Call Canine Familiar     Summ           84%        N/A       1%          3
 Confusing Touch          Hex            63%        N/A       1%          3
 Frozen Ramparts          Ice            100%       1d12      1%          3
 Inner Flame              Hex/Fire       79%        N/A       1%          3
 Ozocubu's Armour         Ice            71%        N/A       1%          3
 Portal Projectile        Hex/Tloc       100%       N/A       1%          3
 Summon Guardian Golem    Hex/Summ       74%        N/A       1%          3
 Tukima's Dance           Hex            63%        N/A       1%          3
 Vampiric Draining        Necr           31%        2d10      1%          3
 Animate Dead             Necr           31%        N/A       1%          4
 Cause Fear               Hex            31%        N/A       1%          4
 Dispel Undead            Necr           63%        3d22      1%          4
 Olgreb's Toxic Radiance  Pois           100%       N/A       1%          4
 Summon Ice Beast         Ice/Summ       78%        N/A       1%          4
 Summon Lightning Spire   Summ/Air       100%       N/A       1%          4
 Alistair's Intoxication  Tmut/Pois      78%        N/A       1%          5
 Manifold Assault         Tloc           100%       N/A       1%          5
 Silence                  Hex/Air        47%        N/A       1%          5
 Summon Forest            Summ/Tloc      51%        N/A       1%          5
 Summon Mana Viper        Hex/Summ       74%        N/A       1%          5
 Yara's Violent Unravell  Hex/Tmut       51%        3d20      1%          5
 Eringya's Noxious Bog    Tmut/Pois      58%        N/A       1%          6
 Starburst                Conj/Fire      63%        6d17      1%          6
 Dragon Form              Tmut           64%        N/A       1%          7
 Storm Form               Tmut/Air       61%        N/A       1%          7
 Maxwell's Capacitive Co  Air            58%        ∞         1%          8
 Metabolic Englaciation   Hex/Ice        33%        N/A       3%          5
 Agony                    Necr           63%        N/A       4%          5
 Excruciating Wounds      Necr           31%        N/A       4%          5
 Shadow Creatures         Summ           N/A        N/A       4%          6
 Disjunction              Tloc           58%        N/A       6%          8
 Simulacrum               Ice/Necr       33%        N/A       17%         6
 Ozocubu's Refrigeration  Ice            35%        4d12      19%         7
 Death Channel            Necr           31%        N/A       22%         6
 Invisibility             Hex            31%        N/A       22%         6
 Ignition                 Fire           46%        3d13      22%         8
 Monstrous Menagerie      Summ           42%        N/A       24%         7
 Summon Hydra             Summ           42%        N/A       24%         7
 Necromutation            Tmut/Necr      51%        N/A       30%         8
 Haunt                    Necr/Summ      37%        N/A       50%         7
 Discord                  Hex            31%        N/A       100%        8
 Infestation              Necr           31%        N/A       100%        8
 Dragon's Call            Summ           42%        N/A       100%        9
 Polar Vortex             Ice            35%        N/A       100%        9


Dungeon Overview and Level Annotations

Branches:
Dungeon (15/15)            Temple (1/1) D:4            Lair (6/6) D:10
  Swamp (4/4) Lair:4        Snake (4/4) Lair:2        Slime (5/5) Lair:5
    Orc (2/2) D:10            Elf (3/3) Orc:2        Vaults (5/5) D:14
  Crypt (3/3) Vaults:2       Tomb (3/3) Crypt:3      Depths (5/5) D:15
   Hell (visited)             Dis (7/7) Hell            Geh (7/7) Hell
    Coc (7/7) Hell            Tar (7/7) Hell            Zot (5/5) Depths:5
Ossuary (visited)         Volcano (visited)          WizLab (visited)

Altars:
Ashenzari
Cheibriados
Dithmenos
Elyvilon
Fedhas
Gozag
Hepliaklqana
Kikubaaqudgha
Makhleb
Nemelex Xobeh
Okawaru
Qazlal
Ru
Sif Muna
Trog
Uskayaw
Vehumet
Wu Jian
Xom
Yredelemnul
Zin
The Shining One
Jiyva

Shops:
D:3 =:((!   D:6 [   D:13 (   Orc:2 ![=*(   Snake:1 *   Snake:2 *::=
Vaults:1 (   Vaults:5 *   Depths:1 (   Depths:2 :   Depths:4 (

Portals:
Hell: Depths:1 Depths:2 Depths:3 Depths:4 Depths:5
Abyss: Depths:4 Depths:5
Pandemonium: Depths:1 Depths:2 Depths:3 Depths:4
Ziggurat: Depths:3

Annotations:
Vaults:3 1 transporter, Boris


Innate Abilities, Weirdness & Mutations

You have a pair of small antennae on your head.
You have a beak for a mouth.
You are partially covered in iridescent scales. (AC +2)
You are clumsy. (Dex -2)
Your body often deteriorates upon taking damage.
You are weak. (Str -2)


Message History

Vehumet accepts your kill.
You feel your power returning.
A sixfirhy comes into view.
Aiming: Dig
Press: ? - help, Shift-Dir - straight line, f - you Please select a direction to dig.
This square is covered in magical glow.
The rock shatters into small pieces.
You hear a grinding noise.
Aiming: Lehudib's Crystal Spear (safe; 0% risk of failure)
Press: ? - help, Q - select action, (/) - cycle Shift-Dir - straight line, f - sixfirhy
Aim: a sixfirhy (67% to hit)
The crystal spear hits the sixfirhy!!!!
You kill the sixfirhy!
Vehumet accepts your kill.
You feel your power returning.
A cacodemon comes into view.
A sixfirhy comes into view.
The cacodemon gestures at the rock wall.
Some rock shatters into small pieces.
Aiming: Lehudib's Crystal Spear (safe; 0% risk of failure)
Press: ? - help, Q - select action, (/) - cycle Shift-Dir - straight line, f - sixfirhy
Aim: a sixfirhy (67% to hit)
The crystal spear hits the sixfirhy!!!!
You kill the sixfirhy!
Vehumet accepts your kill.
You feel your power returning.
Aiming: Lehudib's Crystal Spear (safe; 0% risk of failure)
Press: ? - help, Q - select action, (/) - cycle Shift-Dir - straight line, f - cacodemon
Aim: a cacodemon (85% to hit)
The crystal spear hits the cacodemon!!!
The cacodemon is severely wounded.
Aiming: Lehudib's Crystal Spear (safe; 0% risk of failure)
Press: ? - help, Q - select action, (/) - cycle Shift-Dir - straight line, f/p - cacodemon
Aim: a cacodemon (severely wounded, 85% to hit)
The crystal spear hits the cacodemon!!!!
You kill the cacodemon!
Vehumet accepts your kill.
There is a staircase leading out of the dungeon here.
You have escaped!

#.#.#.#.#.#.#...#.....###.......
#.###.###.#.#####.....###.####..
#........>#...........##..# #.÷
#.###.###.#.#####........#####..
##.#.#.#.#.#.#...#.....#####.....
#..#.###.#.###.##......# #..##..
#..#..>..#....>#.......####.###..
#..###.###.###.##......##...###.>
#....#.#...#.#..@#.....#.........
#..###.#####.##.##.......######..
#....................##### ###
#...................##
############.######## #.# ##


There were no monsters in sight!

Vanquished Creatures
  Cerebov (Pan)
  Antaeus (Coc:7)
  Asmodeus (Geh:7)
  the Royal Jelly (Slime:5)
  Ereshkigal (Tar:7)
  Mnoleg (Pan)
  Lom Lobon (Pan)
  the Serpent of Hell (Dis:7)
  Dispater (Dis:7)
  2 dread liches
  8 orbs of fire
  An ancient lich (Tar:7)
  Mara (Snake:3)
  A juggernaut (Depths:3)
  The ghost of Toelubet the Slayer, a veteran CeHu of Okawaru (Zot:2)
  35 royal mummies
  Sojobo (Tomb:1)
  6 shard shrikes
  7 pandemonium lords (Pan)
  the Lernaean hydra (Swamp:4)
  3 Killer Klowns
  4 curse toes
  Geryon (Hell)
  5 caustic shrikes (Depths:1)
  Xtahua (Crypt:2)
  Nikola (Swamp:1)
  2 profane servitors (Abyss:4)
  13 golden dragons
  9 bone dragons
  21 Brimstone Fiends
  7 doom hounds
  2 electric golems (Zot:5)
  A hellephant (Pan)
  14 Tzitzimimeh
  10 iron giants (Dis:7)
  13 Hell Sentinels
  27 Orb Guardians
  20 Ice Fiends
  17 tentacled monstrosities
  26 liches
  Rupert (Orc:2)
  7 titans
  The ghost of Amplified the Warrior, an adept HOAK of Lugonu (Snake:4)
  Jorgrun (Swamp:1)
  A moon troll (WizLab)
  2 deep elf master archers (Elf:3)
  10 quicksilver dragons
  3 deep elf blademasters
  9 sphinxes
  32 tentacled starspawn
  31 ancient champions
  36 Executioners
  16 death cobs
  20 acid blobs
  An eldritch tentacle (Pan)
  34 shadow dragons
  Agnes (Elf:1)
  12 tengu reavers
  Donald (Snake:1)
  Kirke (Snake:1)
  4 revenants
  2 thorn hunters
  12 storm dragons
  6 draconian monks
  9 nagarajas
  14 rockslimes
  7 azure jellies
  4 draconian scorchers
  8 frost giants
  17 fire giants
  An orc warlord (Orc:2)
  5 draconian knights
  15 iron dragons
  5 draconian shifters
  7 deep elf elementalists
  6 warmongers (Pan)
  13 vault wardens
  5 ghost moths
  Aizul (Swamp:1)
  4 deep elf sorcerers (Elf:3)
  48 balrugs
  24 cacodemons
  7 draconian annihilators
  2 spriggan defenders (Depths:4)
  8 draconian stormcallers
  10 ghouls
  3 curse skulls
  21 ironbound preservers
  46 reapers
  4 blood saints (Pan)
  33 very ugly things
  17 war gargoyles
  25 stone giants
  13 quicksilver oozes
  An angel (D:2)
  7 green draconians
  15 vampire knights
  6 corrupters (Pan)
  9 deep elf demonologists
  2 elemental wellsprings
  9 bunyips
  5 black suns (Pan)
  11 deep elf annihilators
  10 black draconians
  8 white draconians
  8 spark wasps
  Azrael (Snake:2)
  10 lorocyprocas
  13 bennus
  16 red draconians
  6 dire elephants
  5 entropy weavers
  5 eleionomae
  4 merfolk javelineers
  3 purple draconians
  8 yellow draconians
  16 green deaths
  7 eidola
  15 blizzard demons
  2 crystal guardians (WizLab)
  15 fire dragons
  17 mummy priests
  21 ettins
  2 shambling mangroves
  10 deep elf death magi
  25 great orbs of eyes
  A boulder beetle (shapeshifter) (Depths:5)
  11 jiangshi
  5 quicksilver dragon zombies
  2 peacekeepers
  12 yaktaur captains
  11 monstrous demonspawn (Pan)
  6 deep elf high priests
  4 ogre magi
  2 salamander tyrants
  32 hydras
  12 rakshasas
  18 ice dragons
  22 naga warriors
  9 ironbound thunderhulks
  6 quicksilver dragon skeletons
  7 hell beasts
  32 vault guards
  A hydra (shapeshifter) (Vaults:5)
  The ghost of chujev the Basher, a novice TrBe of Trog (D:9)
  11 anacondas
  6 boulder beetles
  7 centaur warriors
  15 alligators
  6 spriggan air magi
  6 ironbound frosthearts
  2 catoblepae (Lair:6)
  A satyr (Abyss:3)
  5 death knights
  3 ghost crabs
  31 dancing weapons
  The ghost of makewrite the Cleaver, a novice MiFi of Gozag (D:8)
  A satyr (shapeshifter) (Vaults:1)
  6 deep troll shamans
  14 two-headed ogres
  11 deep troll earth magi
  36 hell hogs
  2 orc high priests (Orc:2)
  10 vampire magi
  6 ironbound beastmasters
  23 thrashing horrors
  3 tengu warriors
  46 death scarabs
  6 spriggan berserkers
  10 titan zombies
  65 sun demons
  24 naga sharpshooters
  Nergalle (D:11)
  54 soul eaters
  4 titan skeletons
  4 storm dragon zombies
  3 iron golems
  40 hell knights
  16 spriggans
  13 wretched stars
  36 sixfirhies
  3 spatial maelstroms (Abyss:4)
  24 deep elf knights
  24 shadow wraiths
  9 salamander mystics
  5 shock serpents
  A fire crab (shapeshifter) (D:14)
  6 iron trolls
  98 skeletal warriors
  An orange crystal statue (WizLab)
  A bunyip zombie (Crypt:3)
  A death drake (shapeshifter) (Abyss:3)
  3 goliath frogs
  69 starcursed masses
  A sea snake (shapeshifter) (Vaults:4)
  3 ghost moth zombies
  4 storm dragon skeletons
  2 goliath frogs (shapeshifter)
  10 swamp dragons
  9 gelid demonspawn
  A swamp dragon (shapeshifter) (Vaults:5)
  9 torturous demonspawn (Pan)
  92 deep trolls
  8 infernal demonspawn (Pan)
  14 anaconda zombies
  2 obsidian statues
  A kraken simulacrum (Coc:7)
  17 shadow demons
  A deep troll (shapeshifter) (Elf:3)
  18 flayed ghosts
  5 spriggan druids
  A cherub (Pan)
  17 glowing orange brains
  5 naga ritualists
  A quicksilver dragon simulacrum (Depths:5)
  4 golden dragon zombies
  15 deep elf archers
  6 shadow dragon zombies
  21 wizards
  5 golden dragon skeletons
  17 bog bodies
  12 orc knights
  8 wolf spider zombies
  A harpy (shapeshifter) (D:14)
  28 ironbound convokers
  5 harpies (Vaults:4)
  26 deep elf pyromancers
  25 phantasmal warriors
  9 stone giant zombies
  13 mana vipers
  16 necromancers
  7 lindwurms
  21 deep elf zephyrmancers
  2 wolf spiders (Lair:6)
  49 ugly things
  4 anaconda skeletons
  3 cyclopes
  9 fire giant zombies
  8 frost giant zombies
  6 manticores
  5 will-o-the-wisps
  3 shadow dragon skeletons
  An orb spider (Abyss:4)
  24 moths of wrath
  6 worldbinders
  6 iron dragon zombies
  16 salamanders
  8 elephants
  A moth of wrath (shapeshifter) (Depths:3)
  4 shining eyes
  54 rust devils
  A sphinx skeleton (Vaults:2)
  12 stone giant skeletons
  2 apocalypse crabs (Abyss:4)
  5 iron dragon skeletons
  2 ice statues
  11 frost giant skeletons
  5 dire elephant zombies
  8 molten gargoyles
  A water nymph (shapeshifter) (Elf:3)
  7 eyes of devastation
  8 guardian serpents
  36 black mambas
  30 naga magi
  26 vault sentinels
  Maggie (D:8)
  14 cane toads
  66 smoke demons
  2 gargoyles
  34 orange demons
  5 fire giant skeletons
  11 unseen horrors
  A minotaur zombie (Dis:7)
  6 dire elephant skeletons
  44 yaktaurs
  42 hellions
  3 rime drakes
  2 catoblepas zombies
  A green draconian zombie (Crypt:3)
  A shock serpent skeleton (Coc:6)
  2 sea snake zombies (Hell)
  34 ice devils
  3 emperor scorpion zombies
  3 elf zombies
  40 tormentors
  7 tengu conjurers
  31 freezing wraiths
  A yaktaur (shapeshifter) (Elf:2)
  An anaconda simulacrum (Crypt:2)
  A sea snake skeleton (Crypt:2)
  15 ancient zymes
  10 komodo dragons
  19 efreet
  37 guardian mummies
  7 demonic crawlers (Pan)
  31 hellwings
  38 red devils
  3 harpy zombies
  A queen bee (shapeshifter) (Vaults:5)
  6 trolls
  An iron troll skeleton (Crypt:1)
  17 hornets
  6 hydra skeletons
  13 hydra zombies
  3 silent spectres
  4 meliai
  2 spectral guardian serpents (Crypt:3)
  A wolf spider simulacrum (Coc:7)
  A bloated husk (Swamp:2)
  7 tyrant leeches
  4 ice dragon zombies
  2 polar bears
  31 raiju
  A shadow dragon simulacrum (Crypt:3)
  9 ettin zombies
  4 alligator zombies
  5 harpy skeletons
  A blink frog (shapeshifter) (D:14)
  A blink frog (Lair:6)
  3 fire dragon zombies
  7 dream sheep (Lair:5)
  2 frost giant simulacra
  131 slime creatures
  6 air elementals
  3 alligator skeletons
  A redback (shapeshifter) (Vaults:5)
  106 flying skulls
  6 fire dragon skeletons
  5 ice dragon skeletons
  26 shadows
  15 water elementals
  10 ushabtiu
  10 humans (D:14)
  A spriggan (shapeshifter) (D:15)
  6 wyverns
  A dire elephant simulacrum (Hell)
  Sigmund (D:3)
  2 vampires
  43 ynoxinuls
  9 ettin skeletons
  16 fire elementals
  A tarantella (Vaults:1)
  5 hogs (Snake:1)
  8 basilisks
  8 fire bats
  63 yaks
  3 steam dragons
  39 wraiths
  2 black mamba skeletons
  33 neqoxecs
  23 golden eyes
  24 chaos spawn
  13 vampire mosquitoes
  A yaktaur simulacrum (Vaults:2)
  72 large abominations
  5 wargs
  70 nagas
  16 swamp worms
  3 spatial vortices (Abyss:4)
  6 acid dragons
  An infernal demonspawn skeleton (Crypt:3)
  10 cane toad zombies
  A water nymph skeleton (Crypt:3)
  63 hell hounds
  16 water moccasins
  A merfolk zombie (Crypt:2)
  4 floating eyes
  A faun skeleton (Crypt:3)
  11 swamp drakes
  An ettin simulacrum (Tomb:3)
  3 sky beasts
  3 cane toad skeletons
  37 orc warriors
  3 swamp dragon zombies
  A meliai simulacrum (D:14)
  A hornet zombie (D:8)
  8 ice beasts
  4 manticore zombies
  11 ogres
  A black bear (Lair:5)
  3 snapping turtle zombies
  19 necrophages
  24 small abominations
  19 wolves
  A deep troll simulacrum (Vaults:2)
  A human skeleton (Vaults:4)
  3 snapping turtle skeletons
  An elephant skeleton (Crypt:1)
  2 swamp dragon skeletons
  A blink frog skeleton (Crypt:2)
  5 boggarts
  18 centaurs
  5 manticore skeletons
  7 phantoms
  A hog skeleton (Crypt:2)
  A kobold brigand (D:10)
  9 bullfrogs
  A scorpion (D:6)
  A cane toad simulacrum (Coc:7)
  A gnoll sergeant (D:5)
  An earth elemental (Elf:1)
  6 killer bees (D:10)
  60 wights
  2 spriggan skeletons
  A howler monkey (D:10)
  9 lava snakes (Volcano)
  3 crimson imps
  2 bullfrog zombies
  5 centaur zombies
  21 orc priests
  A quasit (Abyss:1)
  A hound (D:5)
  3 jellies
  A centaur skeleton (D:6)
  27 iron imps
  2 bullfrog skeletons
  6 human zombies
  A gnoll shaman (D:6)
  Ijyb (D:3)
  7 hell rats (Hell)
  3 iguanas
  16 orc wizards
  2 killer bee zombies
  A naga zombie (Dis:7)
  A tengu zombie (Geh:7)
  43 mummies
  2 howler monkey zombies
  9 gnolls
  4 adders
  7 shadow imps
  24 white imps
  6 ufetubi
  A worm zombie (Crypt:1)
  A halfling skeleton (Crypt:2)
  A dart slug (D:5)
  81 orcs
  3 bats
  A bat zombie (Crypt:1)
  7 endoplasms
  7 giant cockroaches
  4 goblins
  5 hobgoblins
  2 jackals (D:3)
  2 quokkas (D:3)
  3 training dummies (Depths:4)
  5 ball pythons
  A ball python skeleton (Crypt:1)
  2 frilled lizards
  2 goblin zombies (Ossuary)
  4 hobgoblin zombies
  21 kobolds
  An orc skeleton (Coc:7)
  7 rats
  A ball lightning (Elf:3)
  A block of ice (Pan)
  2 fire vortices (Geh:7)
  5 lurking horrors
  11 starspawn tentacles
  A tentacle (Coc:7)
5183 creatures vanquished.

Vanquished Creatures (collateral kills)
  A pandemonium lord (Pan)
  Gloorx Vloq (Pan)
  An orb of fire (Zot:5)
  Mennas (Tomb:1)
  A royal mummy (Tomb:1)
  2 Tzitzimimeh (Pan)
  A Hell Sentinel (Pan)
  An Ice Fiend (Pan)
  2 Executioners (Pan)
  2 sphinxes (Tomb:1)
  A tengu reaver (Tomb:1)
  A draconian knight (Zot:3)
  3 cacodemons (Pan)
  A bennu (Tomb:2)
  A black sun (Pan)
  A blizzard demon (Pan)
  A white draconian (Zot:3)
  A rakshasa (Pan)
  A death scarab (Tomb:2)
  3 sun demons (Pan)
  3 sixfirhies (Pan)
  2 gelid demonspawn (Pan)
  A naga ritualist (Snake:1)
  A mana viper (Snake:1)
  A shadow dragon skeleton (Pan)
  3 large abominations (Pan)
  A black mamba (Snake:1)
  2 smoke demons (Pan)
  2 orange demons (Pan)
  A demonic crawler (Pan)
  2 hellwings (Pan)
  8 guardian mummies
  2 red devils (Pan)
  7 ushabtiu
  2 ynoxinuls (Pan)
  A chaos spawn (Pan)
  2 neqoxecs (Pan)
  A naga (Snake:1)
  A snapping turtle skeleton (Tomb:2)
  A manticore skeleton (Pan)
  10 mummies
81 creatures vanquished.

Vanquished Creatures (others)
  A lich (Pan)
  The ghost of Yveneewn the Cleaver, an adept GnCj of Ashenzari (Elf:3)
  A red draconian (Zot:1)
  A blizzard demon (Pan)
  A rakshasa (Pan)
  An ice dragon (Coc:7)
  A vault guard (D:14)
  An infernal demonspawn (Pan)
  A glowing orange brain (Pan)
  A wizard (Pan)
  A smoke demon (Pan)
  A rime drake (Lair:6)
  A guardian mummy (Tomb:3)
  A red devil (Pan)
  A large abomination (Pan)
  An air elemental (Abyss:4)
  3 flying skulls (Geh:6)
  2 humans (Snake:1)
  A warg (Vaults:5)
  A naga (Snake:1)
  A water moccasin (Lair:3)
  4 ball lightnings
  2 bushes (Snake:2)
  21 demonic plants
  2 fire vortices (Pan)
  8 foxfires
  62 fungi
  A lurking horror (Abyss:3)
  90 plants
  39 starspawn tentacles
  3 tentacles (Coc:7)
  6 withered plants
262 creatures vanquished.

Grand Total: 5526 creatures vanquished

Notes
Turn   | Place    | Note
-------+----------+-------------------------------------------
     0 | D:1      | Elvor the Deep Elf Conjurer began the quest for the Orb.
     0 | D:1      | Reached XP level 1. HP: 10/10 MP: 6/6
   203 | D:1      | Reached XP level 2. HP: 6/15 MP: 4/8
   208 | D:1      | Learned a level 2 spell: Searing Ray
   295 | D:1      | Reached skill level 5 in Conjurations
   637 | D:1      | Reached XP level 3. HP: 19/19 MP: 7/9
  1017 | D:2      | Learned a level 3 spell: Mephitic Cloud
  1088 | D:2      | Found a faded altar of an unknown god.
  1101 | D:3      | Found Anekh's Book Shoppe.
  1141 | D:3      | Noticed Sigmund
  1146 | D:3      | Killed Sigmund
  1147 | D:3      | Reached skill level 1 in Fighting
  1147 | D:3      | Reached XP level 4. HP: 25/25 MP: 5/11
  1147 | D:3      | Reached XP level 5. HP: 29/29 MP: 5/12
  1206 | D:3      | Noticed Ijyb
  1300 | D:3      | Killed Ijyb
  1355 | D:3      | Found Hiyrauh's Antique Weapon Emporium.
  1377 | D:3      | Found Duaweg's Jewellery Shop.
  1462 | D:3      | Found Ihodibak's Distillery.
  1472 | D:3      | Bought a potion of curing for 42 gold pieces
  1472 | D:3      | Bought a potion of lignification for 42 gold pieces
  1472 | D:3      | Bought a potion of degeneration for 14 gold pieces
  1480 | D:3      | Found Deics's Antique Weapon Boutique.
  1725 | D:4      | Found a staircase to the Ecumenical Temple.
  1734 | Temple   | Entered the Ecumenical Temple
  1742 | Temple   | Became a worshipper of Vehumet
  1809 | D:4      | Noticed a necrophage
  1813 | D:4      | Killed a necrophage
  1814 | D:4      | Reached XP level 6. HP: 35/35 MP: 8/14
  2356 | D:5      | Entered Level 5 of the Dungeon
  2385 | D:5      | Reached skill level 1 in Armour
  2390 | D:5      | Reached XP level 7. HP: 28/40 MP: 0/16
  2523 | D:5      | Reached skill level 5 in Spellcasting
  2719 | D:5      | Found a glowing silver altar of Zin.
  3208 | D:5      | Reached skill level 1 in Evocations
  3282 | D:6      | Noticed a steam dragon
  3308 | D:6      | Reached XP level 8. HP: 46/46 MP: 12/18
  3342 | D:6      | Reached * piety under Vehumet
  3342 | D:6      | Offered knowledge of Freeze by Vehumet.
  3352 | D:6      | Found Mysyimma's Armour Boutique.
  3899 | D:6      | Found a sand-covered staircase.
  3904 | Ossuary  | Entered an ossuary
  4135 | Ossuary  | Identified 4 scrolls of acquirement
  4460 | D:7      | You fall into a shaft and drop 2 floors!
  4620 | D:9      | Found a blossoming altar of Fedhas.
  4712 | D:9      | Noticed chujev's ghost (novice TrBe)
  4713 | D:9      | Found a runed translucent door.
  4993 | D:9      | Reached ** piety under Vehumet
  5117 | D:9      | Offered knowledge of Static Discharge by Vehumet.
  5118 | D:9      | Reached XP level 9. HP: 22/52 MP: 17/22
  5263 | D:9      | Learned a level 2 spell: Blink
  5268 | D:9      | Learned a level 4 spell: Iskenderun's Mystic Blast
  5335 | D:9      | Acquired Opty's Volume of Feathery Darkness
  5340 | D:9      | Learned a level 2 spell: Poisonous Vapours
  5340 | D:9      | Acquired Sif Muna's Catalogue of Damaging Fire
  5346 | D:9      | Learned a level 3 spell: Stone Arrow
  5352 | D:9      | Learned a level 5 spell: Iskenderun's Battlesphere
  5444 | D:8      | Noticed Maggie
  5649 | D:7      | Reached skill level 1 in Throwing
  5861 | D:7      | Noticed a brown ugly thing
  5873 | D:7      | Killed a brown ugly thing
  5874 | D:7      | Reached skill level 5 in Stealth
  5890 | D:7      | Acquired 1065 gold pieces
  5892 | D:7      | Acquired an amulet of regeneration
  5995 | D:3      | Bought 2 potions of curing for 84 gold pieces
  5995 | D:3      | Bought a potion of curing for 42 gold pieces
  5995 | D:3      | Bought a potion of haste for 140 gold pieces
  5995 | D:3      | Bought a potion of attraction for 42 gold pieces
  5995 | D:3      | Bought a potion of curing for 42 gold pieces
  5995 | D:3      | Bought a potion of curing for 42 gold pieces
  5995 | D:3      | Bought a potion of curing for 42 gold pieces
  5995 | D:3      | Bought a potion of curing for 42 gold pieces
  6116 | D:6      | Bought the +4 moon troll leather armour {Spirit, Regen++
                  | MP+5} for 654 gold pieces
  6116 | D:6      | Found the +4 moon troll leather armour {Spirit, Regen++
                  | MP+5}
  6193 | D:8      | Noticed a two-headed ogre
  6203 | D:8      | Killed a two-headed ogre
  6204 | D:8      | Reached skill level 5 in Fighting
  6377 | D:8      | Reached XP level 10. HP: 59/59 MP: 24/25
  6436 | D:8      | Noticed a boulder beetle
  6457 | D:8      | Killed a boulder beetle
  6458 | D:8      | Reached skill level 10 in Spellcasting
  6480 | D:8      | Found a runed translucent gate.
  6673 | D:8      | Found a runed translucent gate.
  6673 | D:8      | Found a runed translucent gate.
  6688 | D:8      | Noticed makewrite's ghost (novice MiFi)
  6781 | D:8      | Reached skill level 1 in Translocations
  6784 | D:8      | Killed makewrite's ghost
  6784 | D:8      | Offered knowledge of Frozen Ramparts by Vehumet.
  6785 | D:8      | Reached skill level 10 in Conjurations
  6853 | D:8      | Killed Maggie
  6854 | D:8      | Reached skill level 1 in Air Magic
  6937 | D:8      | Noticed a manticore
  6942 | D:8      | Killed a manticore
  6943 | D:8      | Reached skill level 1 in Poison Magic
  7058 | D:9      | Killed chujev's ghost
  7068 | D:9      | Identified the +12 spear of the Hills {flame, rF- rN+
                  | rCorr}
  7159 | D:10     | Entered Level 10 of the Dungeon
  7175 | D:9      | Reached XP level 11. HP: 66/66 MP: 19/28
  7180 | D:9      | Reached *** piety under Vehumet
  7181 | D:9      | Reached skill level 1 in Earth Magic
  7295 | D:10     | Reached skill level 5 in Dodging
  7329 | D:10     | Noticed a two-headed ogre
  7474 | D:10     | Killed a two-headed ogre
  7606 | D:10     | Offered knowledge of Conjure Flame by Vehumet.
  7625 | D:10     | Noticed a two-headed ogre
  7637 | D:10     | Killed a two-headed ogre
  7680 | D:10     | Found a burning altar of Makhleb.
  7759 | D:10     | Found a sparkling altar of Nemelex Xobeh.
  7875 | D:10     | Found a shimmering blue altar of Sif Muna.
  7893 | D:10     | Found a staircase to the Orcish Mines.
  8031 | D:10     | Found a staircase to the Lair.
  8070 | D:10     | Reached **** piety under Vehumet
  8112 | D:10     | Found an iron altar of Okawaru.
  8345 | D:11     | Noticed Nergalle
  8353 | D:11     | Killed Nergalle
  8498 | D:11     | Noticed a two-headed ogre
  8505 | D:11     | Killed a two-headed ogre
  8512 | D:11     | Offered knowledge of Lee's Rapid Deconstruction by Vehumet.
  8519 | D:11     | Learned a level 5 spell: Lee's Rapid Deconstruction
  8572 | D:11     | Noticed a two-headed ogre
  8584 | D:11     | Killed a two-headed ogre
  8699 | D:11     | Noticed a two-headed ogre
  8699 | D:11     | Noticed a two-headed ogre
  8723 | D:11     | Killed a two-headed ogre
  8724 | D:11     | Reached XP level 12. HP: 72/72 MP: 5/30
  8731 | D:11     | Killed a two-headed ogre
  8941 | D:11     | Noticed a two-headed ogre
  8943 | D:11     | Noticed a six-headed hydra
  8961 | D:11     | Killed a two-headed ogre
  8978 | D:11     | Killed a six-headed hydra
  9251 | Lair:1   | Entered Level 1 of the Lair of Beasts
 10245 | Lair:2   | Noticed an eight-headed hydra
 10261 | Lair:2   | Killed an eight-headed hydra
 10352 | Lair:2   | Reached skill level 5 in Evocations
 10355 | Lair:2   | Found a staircase to the Snake Pit.
 10630 | Lair:2   | Reached skill level 5 in Throwing
 10696 | Lair:3   | Noticed a six-headed hydra
 10702 | Lair:3   | Killed a six-headed hydra
 10732 | Lair:3   | Reached ***** piety under Vehumet
 10880 | Lair:3   | Reached skill level 5 in Poison Magic
 10902 | Lair:3   | Identified the +7 hunting sling of Sinim {freeze, Will+}
 10961 | Lair:3   | Offered knowledge of Sticky Flame by Vehumet.
 11059 | Lair:3   | Reached XP level 13. HP: 79/79 MP: 13/33
 11278 | Lair:3   | Identified the +1 leather armour "Efuakhl Duot" {rF++ SInv}
 11643 | Lair:3   | You fall into a shaft and drop 2 floors!
 11689 | Lair:5   | Found a viscous altar of Jiyva.
 11689 | Lair:5   | Found a staircase to the Slime Pits.
 11692 | Lair:5   | Found a dark tunnel.
 11710 | Volcano  | Entered a volcano
 12134 | Volcano  | Found a radiant altar of Vehumet.
 12137 | Volcano  | Noticed a red draconian
 12152 | Volcano  | Killed a red draconian
 12668 | Lair:5   | Reached skill level 5 in Earth Magic
 12892 | Lair:4   | Reached skill level 5 in Air Magic
 12895 | Lair:4   | Offered knowledge of Iron Shot by Vehumet.
 12903 | Lair:4   | Learned a level 6 spell: Iron Shot
 13173 | Lair:4   | Identified the +1 cloak of the Scribe {rF+}
 13782 | Lair:4   | Found a staircase to the Swamp.
 13825 | Lair:5   | Reached skill level 15 in Spellcasting
 14007 | Lair:6   | Entered Level 6 of the Lair of Beasts
 14539 | Lair:6   | Reached XP level 14. HP: 86/86 MP: 5/35
 15278 | Lair:6   | Reached skill level 1 in Short Blades
 15303 | Lair:6   | Found a glowing golden altar of the Shining One.
 16461 | D:3      | Bought a book of Alchemy for 336 gold pieces
 16461 | D:3      | Bought a book of the Spheres for 648 gold pieces
 16466 | D:3      | Learned a level 4 spell: Petrify
 16472 | D:3      | Learned a level 5 spell: Fireball
 16704 | Orc:1    | Entered Level 1 of the Orcish Mines
 17030 | Orc:2    | Entered Level 2 of the Orcish Mines
 17030 | Orc:2    | Found Kitsenukk's Jewellery Shoppe.
 17374 | Orc:2    | Offered knowledge of Lightning Bolt by Vehumet.
 17532 | Orc:2    | Reached skill level 10 in Fighting
 17554 | Orc:2    | Reached skill level 1 in Long Blades
 17678 | Orc:2    | Found Meirgh's General Store.
 17743 | Orc:2    | Found a staircase to the Elven Halls.
 17892 | Orc:2    | Noticed an orc warlord
 17999 | Orc:2    | Killed an orc warlord
 18016 | Orc:2    | Found Jousmab's Antique Armour Shop.
 18231 | Orc:2    | Found Gyummary's Distillery.
 18377 | Orc:2    | Noticed Rupert
 18847 | Orc:2    | Killed Rupert
 18931 | Orc:2    | Found Biwnir's Antique Weapon Shoppe.
 19018 | Orc:2    | Bought the amulet of Budghiass {RegenMP rElec Int+4} for
                  | 628 gold pieces
 19036 | Orc:2    | Bought a scroll of teleportation for 42 gold pieces
 19036 | Orc:2    | Bought the ring of Tension {rPois Will+ Dex+5} for 653 gold
                  | pieces
 19375 | D:12     | Reached XP level 15. HP: 92/92 MP: 30/37
 19770 | D:13     | Found Laughezy's Weapon Emporium.
 21284 | D:14     | Offered knowledge of Spellforged Servitor by Vehumet.
 21328 | D:14     | Found a gate to the Vaults.
 21377 | D:14     | Reached skill level 1 in Shields
 21628 | D:14     | Reached skill level 5 in Long Blades
 21717 | D:14     | Reached skill level 1 in Transmutations
 22010 | D:14     | Learned a level 5 spell: Lightning Bolt
 22100 | D:15     | Entered Level 15 of the Dungeon
 22121 | D:15     | Found a glowing silver altar of Zin.
 22134 | D:15     | Found a white marble altar of Elyvilon.
 22140 | D:15     | Found a glowing golden altar of the Shining One.
 23082 | D:15     | Offered knowledge of Eringya's Noxious Bog by Vehumet.
 23084 | D:15     | Found a staircase to the Depths.
 23245 | Orc:2    | Bought a transparent buckler for 285 gold pieces
 23245 | Orc:2    | Identified the +0 buckler "Lyvath" {-Cast rPois rC+ Str+6}
                  | (You bought it in a shop on level 2 of the Orcish Mines)
 23344 | D:10     | Acquired the +2 hat of the Bear Spirit {Spirit, +Rage rN+
                  | Will++}
 23344 | D:10     | Found the +2 hat of the Bear Spirit {Spirit, +Rage rN+
                  | Will++}
 23462 | Snake:1  | Entered Level 1 of the Snake Pit
 23750 | Snake:1  | Noticed Kirke
 23755 | Snake:1  | Killed Kirke
 23756 | Snake:1  | Reached XP level 16. HP: 99/99 MP: 28/39
 23775 | Snake:1  | Noticed Donald
 23796 | Snake:1  | Killed Donald
 23864 | Snake:1  | Found Haoc's Mayhem Merchandise.
 24269 | Snake:1  | Identified the ring of Batauso {AC+4 Dex+2}
 24614 | Snake:2  | Reached skill level 10 in Earth Magic
 24642 | Snake:2  | Noticed Azrael
 24672 | Snake:2  | Killed Azrael
 24728 | Snake:2  | Reached ****** piety under Vehumet
 24898 | Snake:2  | Offered knowledge of Yara's Violent Unravelling by Vehumet.
 25005 | Snake:2  | Found Kovyf's Jewellery Boutique.
 25005 | Snake:2  | Found Qeuguoge's Book Emporium.
 25009 | Snake:2  | Found Yloasi's Book Emporium.
 25080 | Snake:2  | Found Kiudom's Assorted Antiques.
 25143 | Snake:2  | Reached skill level 1 in Fire Magic
 26369 | Snake:3  | Identified the +10 plate armour "Dyot" {Fly rPois}
 26456 | Snake:3  | Reached XP level 17. HP: 102/104 MP: 32/41
 26484 | Snake:3  | Offered knowledge of Maxwell's Capacitive Coupling by
                  | Vehumet.
 26659 | Snake:3  | Reached skill level 5 in Shields
 26789 | Snake:3  | Noticed Mara
 26887 | Snake:3  | Noticed Elvor's illusion
 26893 | Snake:3  | Killed Mara
 27306 | Snake:4  | Entered Level 4 of the Snake Pit
 27977 | Snake:4  | Found a transporter.
 27979 | Snake:4  | Noticed Amplified's ghost (adept HOAK)
 27990 | Snake:4  | Found a transporter.
 28361 | Snake:4  | Offered knowledge of Fire Storm by Vehumet.
 28361 | Snake:4  | Offered knowledge of Shatter by Vehumet.
 28361 | Snake:4  | Offered knowledge of Chain Lightning by Vehumet.
 28848 | Snake:4  | Reached XP level 18. HP: 112/112 MP: 30/43
 29009 | Snake:4  | Got a serpentine rune of Zot
 29116 | Snake:4  | Killed Amplified's ghost
 29199 | Snake:2  | Bought the ring "Zimn" {rPois rF+ rC+ Str+4 SInv} for 613
                  | gold pieces
 29501 | Swamp:1  | Entered Level 1 of the Swamp
 29501 | Swamp:1  | Noticed Nikola
 29507 | Swamp:1  | Noticed Aizul
 29573 | Swamp:1  | Killed Aizul
 29734 | Swamp:1  | Killed Nikola
 29740 | Swamp:1  | Noticed Jorgrun
 29933 | Swamp:1  | Killed Jorgrun
 29957 | Swamp:1  | Identified the +6 falchion of Termination {vamp, rElec
                  | rCorr Str+3}
 31217 | Swamp:2  | Identified the +8 ring mail of the Unbroken {Str+3 Int-4
                  | SInv}
 31270 | Swamp:3  | Noticed a tentacled monstrosity
 31637 | Swamp:3  | Killed a tentacled monstrosity
 32383 | Swamp:4  | Entered Level 4 of the Swamp
 32393 | Swamp:4  | Reached skill level 10 in Long Blades
 32613 | Swamp:4  | Reached XP level 19. HP: 117/117 MP: 16/45
 32965 | Swamp:4  | Reached skill level 5 in Armour
 32989 | Swamp:4  | Noticed the 27-headed Lernaean hydra
 33156 | Swamp:4  | Identified the ring of Symmetry {*Corrode rF+ rN+ Str+5}
 33190 | Swamp:4  | Learned a level 9 spell: Shatter
 33193 | Swamp:4  | Learned a level 2 spell: Passwall
 33411 | Swamp:4  | Reached skill level 10 in Stealth
 33707 | Swamp:4  | Killed the 27-headed Lernaean hydra
 33735 | Swamp:4  | Got a decaying rune of Zot
 34128 | Orc:2    | Bought a potion of brilliance for 68 gold pieces
 34128 | Orc:2    | Bought a potion of heal wounds for 85 gold pieces
 34128 | Orc:2    | Bought a potion of haste for 170 gold pieces
 34128 | Orc:2    | Bought a potion of curing for 51 gold pieces
 34270 | Vaults:1 | Entered Level 1 of the Vaults
 34599 | Vaults:1 | Reached skill level 5 in Translocations
 34778 | Vaults:1 | Found Quseir's Weapon Shoppe.
 35357 | Vaults:1 | Identified the +5 great mace of the Shallot {flame, rN+
                  | Int+4 SInv}
 35681 | Vaults:1 | Found a portal to a secret trove of treasure.
 35720 | Vaults:1 | Reached XP level 20. HP: 124/124 MP: 38/47
 36171 | Vaults:2 | Learned a level 4 spell: Airstrike
 36230 | Vaults:2 | Identified the +7 whip of Ejaplan {flame, SInv Stlth+}
 37273 | Vaults:2 | Found a staircase to the Crypt.
 37273 | Vaults:2 | Found a basalt altar of Yredelemnul.
 37274 | Vaults:2 | Found an ancient bone altar of Kikubaaqudgha.
 37438 | Vaults:2 | Identified the ring of the Turtle {*Slow rPois rC+ Dex+4
                  | Stlth+}
 37600 | Vaults:3 | Found a transporter.
 37664 | Vaults:3 | Found a transporter.
 37693 | Vaults:3 | Noticed Boris
 38047 | Vaults:3 | Reached XP level 21. HP: 131/131 MP: 5/49
 38714 | Vaults:4 | Reached skill level 15 in Earth Magic
 38872 | Vaults:4 | Found a huge runed gate.
 38872 | Vaults:4 | Found a huge runed gate.
 38872 | Vaults:4 | Found a huge runed gate.
 38872 | Vaults:4 | Found a huge runed gate.
 38872 | Vaults:4 | Found a huge runed gate.
 38873 | Vaults:4 | Found a huge runed gate.
 38873 | Vaults:4 | Found a huge runed gate.
 38873 | Vaults:4 | Found a huge runed gate.
 38873 | Vaults:4 | Found a huge runed gate.
 38873 | Vaults:4 | Found a huge runed gate.
 38874 | Vaults:4 | Found a huge runed gate.
 38874 | Vaults:4 | Found a huge runed gate.
 38875 | Vaults:4 | Found a huge runed gate.
 38876 | Vaults:4 | Found a huge runed gate.
 38877 | Vaults:4 | Found a huge runed gate.
 38878 | Vaults:4 | Found a huge runed gate.
 38886 | Vaults:4 | Found a huge runed gate.
 38886 | Vaults:4 | Found a huge runed gate.
 38886 | Vaults:4 | Found a huge runed gate.
 38886 | Vaults:4 | Found a huge runed gate.
 38886 | Vaults:4 | Found a huge runed gate.
 38886 | Vaults:4 | Found a huge runed gate.
 38887 | Vaults:4 | Found a huge runed gate.
 38888 | Vaults:4 | Found a huge runed gate.
 38889 | Vaults:4 | Found a huge runed gate.
 38897 | Vaults:4 | Found a huge runed gate.
 38897 | Vaults:4 | Found a huge runed gate.
 38897 | Vaults:4 | Found a huge runed gate.
 38897 | Vaults:4 | Found a huge runed gate.
 38897 | Vaults:4 | Found a huge runed gate.
 38897 | Vaults:4 | Found a huge runed gate.
 38898 | Vaults:4 | Found a huge runed gate.
 38899 | Vaults:4 | Found a huge runed gate.
 38900 | Vaults:4 | Found a huge runed gate.
 38908 | Vaults:4 | Found a huge runed gate.
 38908 | Vaults:4 | Found a huge runed gate.
 39760 | Vaults:4 | Reached skill level 15 in Conjurations
 40123 | Vaults:4 | Noticed a golden dragon
 40224 | Vaults:4 | Identified the +2 kite shield of Resonance {Str+4 SInv}
 40240 | Vaults:4 | Identified the +0 chain mail of Abilemown {Will+}
 40357 | Vaults:4 | Killed a golden dragon
 41432 | Snake:2  | Bought the ring "Xubred" {rF+ Int+6} for 490 gold pieces
 41661 | Elf:1    | Entered Level 1 of the Elven Halls
 41792 | Elf:1    | Noticed Agnes
 41796 | Elf:1    | Killed Agnes
 42072 | Elf:1    | You fall into a shaft and drop 1 floor!
 42072 | Elf:2    | Found a runed translucent gate.
 42072 | Elf:2    | Found a runed translucent gate.
 42072 | Elf:2    | Found a runed translucent gate.
 42217 | Elf:1    | Reached XP level 22. HP: 137/138 MP: 40/51
 43624 | Elf:3    | Entered Level 3 of the Elven Halls
 43662 | Elf:3    | Paralysed by an air elemental for 1 turns
 43838 | Elf:3    | Found a runed translucent door.
 43838 | Elf:3    | Found a shimmering altar of Xom.
 43840 | Elf:3    | Noticed Yveneewn's ghost (adept GnCj)
 43886 | Elf:3    | Killed Yveneewn's ghost
 44307 | Elf:3    | Identified the +11 scimitar of Resourcefulness {spect,
                  | rPois rC- Stlth+}
 44307 | Elf:3    | Identified the ring of Rilyp {rC- rN+ AC+4 Int+2}
 44326 | Elf:3    | Found the brooch of Shielding {Spirit SH+8}
 44404 | Elf:3    | Found the +8 storm bow {elec, penet}
 44417 | Elf:3    | Identified the +3 leather armour of Eternal Vigilance
                  | {rElec}
 44424 | Elf:3    | Identified the +5 hunting sling of the Saving Oracle
                  | {flame, rPois rF+}
 44427 | Elf:3    | Found the +8 mithril axe "Arga" {speed, Will+}
 44430 | Elf:3    | Got the Catalogue of Beguiling
 44436 | Elf:3    | Found the +8 longbow "Zephyr" {speed, Dex+3 SInv}
 44456 | Elf:3    | Identified the +1 broad axe "Lyeditu" {venom, Fly rN+}
 44457 | Elf:3    | Identified the +9 spear of Wonderful Valiance {vorpal, rF+
                  | Dex+3}
 44496 | Elf:3    | Got the Grimoire of Fiery Orientation
 45288 | D:10     | Learned a level 3 spell: Swiftness
 45295 | D:10     | Learned a level 6 spell: Statue Form
 45675 | Vaults:3 | Reached skill level 15 in Fighting
 45903 | Vaults:3 | Identified the amulet "Eliwikan" {Reflect Rampage rN++
                  | Will- Int+3 SH+5}
 45907 | Vaults:3 | Identified the +8 bardiche of the Lost Mouths {vorpal,
                  | +Blink rPois Str-2 Dex+7}
 46322 | Depths:1 | Entered Level 1 of the Depths
 46322 | Depths:1 | Found a gateway to Hell.
 46344 | Depths:1 | Reached XP level 23. HP: 129/144 MP: 51/53
 46344 | Depths:1 | Noticed a caustic shrike
 46345 | Depths:1 | Noticed a caustic shrike
 46346 | Depths:1 | Noticed a caustic shrike
 46349 | Depths:1 | Noticed a caustic shrike
 46443 | Depths:1 | Noticed a caustic shrike
 46643 | Vaults:5 | Entered Level 5 of the Vaults
 46920 | Vaults:5 | Noticed a dread lich
 47632 | Vaults:5 | Got a silver rune of Zot
 47792 | Vaults:5 | Got Sif Muna's Foundations of Witchery
 47896 | Vaults:5 | Identified the +7 shortbow "Rethraus" {vorpal, +Blink
                  | Will+}
 48020 | Vaults:5 | Killed a dread lich
 48021 | Vaults:5 | Reached XP level 24. HP: 150/151 MP: 24/53
 48426 | Vaults:5 | Found Kuenoit's General Store.
 48437 | Vaults:5 | Bought 2 potions of magic for 208 gold pieces
 48437 | Vaults:5 | Bought a scroll of blinking for 97 gold pieces
 48437 | Vaults:5 | Bought a potion of haste for 130 gold pieces
 49532 | Vaults:1 | You paid a toll of +3 storm dragon scales to enter a
                  | treasure trove
 49533 | Trove    | Entered a treasure trove
 49542 | Trove    | Identified the -4 hat "Yddudisi" {rC- Str+7 Dex+2}
 49544 | Trove    | Identified the +0 kite shield "Moastreq" {Regen+ Str-5
                  | Dex+4}
 49545 | Trove    | Identified the +2 cloak of Impermeability {rF+ Regen+
                  | Int+2}
 49550 | Trove    | Identified the +2 ring mail of the Enchanted Forest {rF++}
 49559 | Trove    | Identified the +0 ring mail "Akutun" {Dex+3}
 49561 | Trove    | Identified the +2 scale mail of Nihilism {Rampage rF+ rC-}
 49871 | Snake:2  | Bought a scroll of acquirement for 1508 gold pieces
 49871 | Snake:2  | Acquired the ring "Pumiha Kaxypn" {Contam Drain rPois rC+
                  | Int+9}
 50437 | Depths:1 | You fall into a shaft and drop 1 floor!
 50511 | Depths:2 | Found a one-way gate leading to the halls of Pandemonium.
 50565 | Depths:2 | You fall into a shaft and drop 1 floor!
 50644 | Depths:3 | Found a magical portal.
 50719 | WizLab   | Entered Lehudib's Moon Base
 50832 | WizLab   | Found a transporter.
 50832 | WizLab   | Identified the +0 troll leather armour "Kousokhlosch"
                  | {Rampage rC+++ Will- Regen+ Str+4}
 51154 | WizLab   | Identified the ring of Nyurofoge {rElec rPois rN+ AC+4
                  | Int-4}
 51204 | WizLab   | Gained mutation: You are somewhat resistant to further
                  | mutation. [a neqoxec]
 51436 | WizLab   | Found a transporter.
 51589 | WizLab   | Got Lehudib's Compendium of the Harmful Mountains
 51615 | WizLab   | Identified the +9 great sword of Dung {vorpal, rPois Str+2
                  | Int-3}
 51617 | WizLab   | Identified the ring "Jieqaw" {Fly rF+ MP+9 Dex-4 Stlth+}
 51628 | WizLab   | Reached skill level 1 in Ice Magic
 51628 | WizLab   | Reached skill level 1 in Invocations
 51628 | WizLab   | Reached XP level 25. HP: 157/157 MP: 54/54
 51655 | Depths:3 | Found a snail-covered altar of Cheibriados.
 51699 | Depths:3 | Found a flickering gateway to a bazaar.
 51708 | Bazaar   | Entered a bazaar
 51708 | Bazaar   | Found Bulukilimo's Antique Weapon Emporium.
 51715 | Bazaar   | Found Hoekhyul's Antique Armour Shop.
 51736 | Bazaar   | Found Avvenesm's General Store.
 51747 | Bazaar   | Found Uffidar's Jewellery Boutique.
 51755 | Bazaar   | Found Biutatt's Distillery.
 51764 | Bazaar   | Bought a potion of heal wounds for 55 gold pieces
 51764 | Bazaar   | Bought a potion of haste for 110 gold pieces
 51764 | Bazaar   | Bought a potion of heal wounds for 55 gold pieces
 51783 | Bazaar   | Bought a scroll of teleportation for 51 gold pieces
 51928 | Depths:2 | Reached skill level 10 in Shields
 51988 | Depths:2 | Identified the +11 great mace "Disoabul" {pain, MP+9 Dex-4
                  | SInv}
 52085 | Depths:2 | Reached XP level 26. HP: 163/163 MP: 37/54
 52238 | Depths:1 | Reached skill level 15 in Long Blades
 52499 | Depths:1 | Found Usuryet's Antique Weapon Shoppe.
 52526 | Depths:1 | Found a broken altar of Ashenzari.
 52839 | Depths:2 | Found a sacrificial altar of Ru.
 52922 | Depths:2 | Found Fugiclud's Book Shoppe.
 53515 | Depths:3 | Reached skill level 5 in Transmutations
 53557 | Depths:3 | Noticed a juggernaut
 53596 | Depths:3 | Killed a juggernaut
 53738 | Depths:3 | Found a shadowy altar of Dithmenos.
 53796 | Depths:3 | Found a gateway to a ziggurat.
 54338 | Depths:4 | Found Otual's Firing Range.
 54540 | Depths:4 | Found a one-way gate to the infinite horrors of the Abyss.
 54608 | Depths:4 | You fall into a shaft and drop 1 floor!
 54608 | Depths:5 | Entered Level 5 of the Depths
 54608 | Depths:5 | Found a gate to the Realm of Zot.
 54866 | Depths:4 | Identified the +7 great sword of the Endless March {freeze,
                  | Int+2}
 55141 | Depths:5 | Reached XP level 27. HP: 170/170 MP: 32/55
 55215 | Depths:5 | Found a hide-covered altar of Uskayaw.
 55401 | Depths:5 | Reached skill level 27 in Spellcasting
 56225 | Snake:2  | Bought a book of Debilitation for 396 gold pieces
 56228 | Snake:2  | Learned a level 2 spell: Slow
 57114 | Depths:4 | Voluntarily entered the Abyss.
 57129 | Abyss:1  | Found an ornate altar of the Wu Jian Council.
 57187 | Abyss:3  | Found a corrupted altar of Lugonu.
 58047 | Abyss:4  | Found a corrupted altar of Lugonu.
 59203 | Abyss:4  | Found a basalt altar of Yredelemnul.
 59318 | Abyss:4  | Paralysed by an air elemental for 1 turns
 59712 | Abyss:4  | Got an abyssal rune of Zot
 59772 | Abyss:4  | Found a corrupted altar of Lugonu.
 60118 | Depths:4 | Escaped the Abyss
 60356 | D:10     | Learned a level 8 spell: Lehudib's Crystal Spear
 60530 | D:3      | Bought the Tome of Orientation for 408 gold pieces
 60821 | Snake:2  | Bought a book of Party Tricks for 420 gold pieces
 60823 | Snake:2  | Learned a level 1 spell: Apportation
 60967 | D:10     | Learned a level 4 spell: Passage of Golubria
 61095 | Slime:1  | Entered Level 1 of the Pits of Slime
 61105 | Slime:1  | Gained mutation: You are frail. (-10% HP) [a shining eye]
 61170 | Slime:1  | Gained mutation: You are partially covered in iridescent
                  | scales. (AC +2) [a shining eye]
 61431 | Slime:4  | Gained mutation: Your body sometimes deteriorates upon
                  | taking damage. [a shining eye]
 61448 | Slime:5  | Entered Level 5 of the Pits of Slime
 61597 | Slime:5  | Noticed the Royal Jelly
 62396 | Slime:5  | Killed the Royal Jelly
 62668 | Slime:5  | Found the ring of the Mage {Wiz Will++ Int+3}
 62703 | Slime:5  | Identified the +1 short sword "Muquehitt" {drain, Int+2
                  | SInv}
 62707 | Slime:5  | Identified the +9 falchion of Generosity {freeze, Will+
                  | rCorr Dex+3}
 62722 | Slime:5  | Identified the amulet "Hehucvur" {Faith Harm rCorr}
 62779 | Slime:5  | Identified the +6 broad axe of Kast {pain, Contam rC+ MP+9}
 62802 | Slime:5  | Got a slimy rune of Zot
 63526 | D:10     | Lost mutation: Your body sometimes deteriorates upon taking
                  | damage. [potion of mutation]
 63526 | D:10     | Lost mutation: You are somewhat resistant to further
                  | mutation. [potion of mutation]
 63526 | D:10     | Gained mutation: You have sharp toenails. [potion of
                  | mutation]
 63526 | D:10     | Gained mutation: You are partially covered in large bone
                  | plates. (SH +4) [potion of mutation]
 63527 | D:10     | Lost mutation: You are frail. (-10% HP) [potion of
                  | mutation]
 63527 | D:10     | Lost mutation: You are partially covered in large bone
                  | plates. (SH +4) [potion of mutation]
 63527 | D:10     | Gained mutation: Your flesh is heat resistant. (rF+)
                  | [potion of mutation]
 63527 | D:10     | Gained mutation: Your spells are a little harder to cast,
                  | but a little more powerful. [potion of mutation]
 63771 | Crypt:1  | Entered Level 1 of the Crypt
 63793 | Crypt:1  | Reached skill level 10 in Dodging
 64933 | Crypt:2  | Identified the +8 quarterstaff of Edir {vorpal, rF+++ rN++
                  | Dex-2 SInv}
 64974 | Crypt:2  | Noticed Xtahua
 64976 | Crypt:2  | Killed Xtahua
 65133 | Crypt:3  | Entered Level 3 of the Crypt
 65968 | Crypt:3  | Found a staircase to the Tomb.
 66158 | Crypt:3  | Found a basalt altar of Yredelemnul.
 66158 | Crypt:3  | Found an ancient bone altar of Kikubaaqudgha.
 66158 | Crypt:3  | Noticed a royal mummy
 66167 | Crypt:3  | Killed a royal mummy
 66244 | Crypt:3  | Found the +15 Maxwell's patent armour {-Cast -Tele rElec
                  | Will+ rCorr}
 66251 | Crypt:3  | Identified the +3 ring mail of Follow the Leader {rC+
                  | Dex+2}
 66300 | Crypt:3  | Identified the ring "Vallick" {rElec rPois rC- rN+ Int-3}
 66300 | Crypt:3  | Identified the ring "Meotwira" {rN+ MP+9}
 66300 | Crypt:3  | Identified the ring "Icioch" {rN+ Dex+3}
 67351 | Hell     | Entered the Vestibule of Hell
 67356 | Hell     | Noticed Geryon
 67362 | Hell     | Killed Geryon
 67663 | Hell     | Found a gateway to the Iron City of Dis.
 67718 | Hell     | Found a gateway to the freezing wastes of Cocytus.
 67789 | Hell     | Found a gateway to the decaying netherworld of Tartarus.
 67882 | Hell     | Found a gateway to the ashen valley of Gehenna.
 68005 | Geh:1    | Entered Level 1 of Gehenna
 68546 | Geh:4    | You fall into a shaft and drop 2 floors!
 69187 | Geh:7    | Entered Level 7 of Gehenna
 69602 | Geh:7    | Reached skill level 15 in Shields
 69714 | Geh:7    | Identified the ring "Jede" {Fly rF- Int+5}
 70125 | Geh:7    | Found the +7 sceptre of Asmodeus
 70125 | Geh:7    | Noticed Asmodeus
 70197 | Geh:7    | Killed Asmodeus
 70254 | Geh:7    | Got an obsidian rune of Zot
 70495 | Coc:1    | Entered Level 1 of Cocytus
 70788 | Coc:2    | You fall into a shaft and drop 1 floor!
 71065 | Coc:4    | Reached skill level 15 in Dodging
 71551 | Coc:7    | Entered Level 7 of Cocytus
 71662 | Coc:7    | Reached skill level 27 in Earth Magic
 71978 | Coc:7    | Noticed Antaeus
 72167 | Coc:7    | Killed Antaeus
 72194 | Coc:7    | Got an icy rune of Zot
 72349 | Dis:1    | Entered Level 1 of the Iron City of Dis
 73379 | Dis:7    | Entered Level 7 of the Iron City of Dis
 73742 | Dis:7    | HP: 7/232 [iron giant (31)]
 73753 | Dis:7    | HP: 11/232 [war gargoyle/spray of metal splinters (8)]
 74389 | Dis:7    | Found the +8 Vampire's Tooth {vamp}
 74563 | Dis:7    | Identified the +7 battleaxe "Uluwn" {vorpal, rElec rC+
                  | rCorr Dex+3}
 74800 | Dis:7    | Identified the +5 morningstar "Fofeytal" {speed, Dex+2}
 75049 | Dis:7    | Identified the amulet "Hiaff" {Regen+ Dex+2}
 75065 | Dis:7    | Identified the +5 pair of boots "Waesmueni" {+Inv}
 75206 | Dis:7    | Noticed the Serpent of Hell
 75236 | Dis:7    | Killed the Serpent of Hell
 75347 | Dis:7    | Identified the amulet "Fismagee" {Acrobat rC+ Will+ Int+2}
 75363 | Dis:7    | Found the +4 staff of Dispater
 75363 | Dis:7    | Noticed Dispater
 75512 | Dis:7    | Reached skill level 10 in Armour
 75776 | Dis:7    | Killed Dispater
 75828 | Dis:7    | Got an iron rune of Zot
 75829 | Dis:7    | Identified the +8 great sword "Lolore" {venom, rC+ rCorr
                  | Int-4 Dex+3}
 76004 | Tar:1    | Entered Level 1 of Tartarus
 76569 | Tar:7    | Entered Level 7 of Tartarus
 77300 | Tar:7    | Identified the ring of the Purple Skies {rC+ Str+6 Int+4}
 77553 | Tar:7    | Identified the +7 dire flail of Doom {pain, Str+4}
 77623 | Tar:7    | Noticed an ancient lich
 77625 | Tar:7    | Killed an ancient lich
 77987 | Tar:7    | Noticed Ereshkigal
 78128 | Tar:7    | Killed Ereshkigal
 78186 | Tar:7    | Got a bone rune of Zot
 78777 | D:10     | Learned a level 7 spell: Spellforged Servitor
 78787 | D:10     | Learned a level 9 spell: Chain Lightning
 79029 | Depths:1 | Got Spellweaving for Neophytes
 79053 | Pan      | Entered Pandemonium
 79096 | Pan      | Gained mutation: Your body sometimes deteriorates upon
                  | taking damage. [a cacodemon]
 79153 | Pan      | Noticed Edweucren the pandemonium lord
 79163 | Pan      | Killed Edweucren the pandemonium lord
 79182 | Pan      | Identified the amulet "Vanges" {Reflect rElec rCorr SH+5}
 79215 | Depths:1 | Escaped Pandemonium
 79217 | Pan      | Entered Pandemonium
 79296 | Pan      | Noticed Idueps the pandemonium lord
 79301 | Pan      | Killed Idueps the pandemonium lord
 79677 | Pan      | Found an exit through the horrors of the Abyss.
 79835 | Pan      | Found an exit through the horrors of the Abyss.
 79871 | Pan      | Found a transporter.
 80124 | Pan      | Entered the realm of Cerebov.
 80414 | Pan      | Identified the +1 plate armour of Yzintiw {+Blink}
 80498 | Pan      | Reached skill level 15 in Stealth
 80788 | Pan      | Identified the +12 mace "Catatorgh" {vorpal, rElec rF+}
 80799 | Pan      | Identified the +6 quarterstaff of Valiance {vorpal, rF+}
 80817 | Pan      | Found the +6 sword of Cerebov {flame}
 80817 | Pan      | Noticed Cerebov
 80936 | Pan      | Identified the ring of Ingepsab {rElec Int+6 SInv Stlth+}
 80973 | Pan      | Killed Cerebov
 80974 | Pan      | Reached skill level 10 in Air Magic
 81097 | Pan      | Got Zyl Zaph's Handbook of Doomed Envenoming
 81100 | Pan      | Got the Incunabulum of the Rocks and Attacks
 81148 | Pan      | Got a fiery rune of Zot
 81551 | Pan      | Reached skill level 10 in Transmutations
 81620 | Pan      | Noticed Bioth the pandemonium lord
 81626 | Pan      | Killed Bioth the pandemonium lord
 81808 | Pan      | Identified the +9 trident "Nahaheu" {elec, Fly Will+}
 81855 | Pan      | Found an exit through the horrors of the Abyss.
 82296 | Pan      | Noticed Zuroum the pandemonium lord
 82298 | Pan      | Killed Zuroum the pandemonium lord
 82358 | Pan      | Found an exit through the horrors of the Abyss.
 82728 | Pan      | Noticed Jeehaas the pandemonium lord
 82734 | Pan      | Killed Jeehaas the pandemonium lord
 83047 | Pan      | Acquired 942 gold pieces
 83050 | Pan      | Entered the realm of Gloorx Vloq.
 83079 | Pan      | Found an exit through the horrors of the Abyss.
 83812 | Pan      | Noticed Gloorx Vloq
 83831 | Pan      | Killed Gloorx Vloq
 83940 | Pan      | Got a dark rune of Zot
 84153 | Pan      | Found a transporter.
 84202 | Pan      | Noticed Otwer the pandemonium lord
 84339 | Pan      | Entered the realm of Lom Lobon.
 84534 | Pan      | Noticed Lom Lobon
 85054 | Pan      | Killed Lom Lobon
 85089 | Pan      | Got a magical rune of Zot
 85326 | Pan      | Found an exit through the horrors of the Abyss.
 85532 | Pan      | Found a huge runed translucent gate.
 85534 | Pan      | Found a huge runed translucent gate.
 85535 | Pan      | Found a huge runed translucent gate.
 85535 | Pan      | Found a huge runed translucent gate.
 85535 | Pan      | Found a huge runed translucent gate.
 85535 | Pan      | Found a huge runed translucent gate.
 85535 | Pan      | Found a huge runed translucent gate.
 85825 | Pan      | Noticed Detumos the pandemonium lord
 85829 | Pan      | Reached skill level 1 in Summonings
 85835 | Pan      | Killed Detumos the pandemonium lord
 85835 | Pan      | Gained mutation: Your magical capacity is low. (-10% MP) [a
                  | neqoxec]
 85845 | Pan      | Acquired 1163 gold pieces
 85848 | Pan      | Noticed Hiuf the pandemonium lord
 85892 | Pan      | Killed Hiuf the pandemonium lord
 86307 | Pan      | Found an exit through the horrors of the Abyss.
 86539 | Pan      | Got a demonic rune of Zot
 86722 | Pan      | Noticed Axushrai the pandemonium lord
 86730 | Pan      | Killed Axushrai the pandemonium lord
 86810 | Pan      | Entered the realm of Mnoleg.
 86813 | Pan      | Gained mutation: You are dopey. (Int -2) [a cacodemon]
 86830 | Pan      | Gained mutation: Your magical capacity is very low. (-20%
                  | MP) [a neqoxec]
 86852 | Pan      | Gained mutation: You are clumsy. (Dex -2) [a cacodemon]
 86938 | Pan      | Found an exit through the horrors of the Abyss.
 87298 | Pan      | Gained mutation: You have a pair of small antennae on your
                  | head. [a cacodemon]
 87597 | Pan      | Noticed Mnoleg
 87606 | Pan      | Killed Mnoleg
 87642 | Pan      | Got a glowing rune of Zot
 87827 | Pan      | Took an exit into the Abyss.
 87827 | Abyss:1  | Escaped into the Abyss
 87842 | Abyss:1  | Found a corrupted altar of Lugonu.
 87873 | Abyss:1  | Paralysed by accursed screaming for 2 turns
 87886 | Abyss:1  | Paralysed by accursed screaming for 2 turns
 87890 | Abyss:1  | Paralysed by accursed screaming for 1 turns
 87896 | Abyss:1  | Paralysed by accursed screaming for 1 turns
 87914 | Abyss:1  | Reached skill level 10 in Translocations
 87915 | Depths:1 | Escaped the Abyss
 88103 | D:10     | Lost mutation: You have a pair of small antennae on your
                  | head. [potion of mutation]
 88103 | D:10     | Lost mutation: Your magical capacity is very low. (-20% MP)
                  | [potion of mutation]
 88103 | D:10     | Lost mutation: Your spells are a little harder to cast, but
                  | a little more powerful. [potion of mutation]
 88103 | D:10     | Gained mutation: You are weak. (Str -2) [potion of
                  | mutation]
 88103 | D:10     | Gained mutation: Your system is resistant to poisons.
                  | (rPois) [potion of mutation]
 88103 | D:10     | Gained mutation: Your body often deteriorates upon taking
                  | damage. [potion of mutation]
 88103 | D:10     | Gained mutation: You are mostly covered in iridescent
                  | scales. (AC +4) [potion of mutation]
 88104 | D:10     | Lost mutation: Your magical capacity is low. (-10% MP)
                  | [potion of mutation]
 88104 | D:10     | Lost mutation: Your body often deteriorates upon taking
                  | damage. [potion of mutation]
 88104 | D:10     | Gained mutation: You are partially covered in large bone
                  | plates. (SH +4) [potion of mutation]
 88105 | D:10     | Lost mutation: Your body sometimes deteriorates upon taking
                  | damage. [potion of mutation]
 88105 | D:10     | Lost mutation: You are clumsy. (Dex -2) [potion of
                  | mutation]
 88105 | D:10     | Gained mutation: You are agile. (Dex +2) [potion of
                  | mutation]
 88105 | D:10     | Gained mutation: Your flesh is cold resistant. (rC+)
                  | [potion of mutation]
 88105 | D:10     | Gained mutation: Your spells are a little harder to cast,
                  | but a little more powerful. [potion of mutation]
 88106 | D:10     | Lost mutation: You are weak. (Str -2) [potion of mutation]
 88106 | D:10     | Lost mutation: You are agile. (Dex +2) [potion of mutation]
 88106 | D:10     | Lost mutation: You are dopey. (Int -2) [potion of mutation]
 88106 | D:10     | Gained mutation: Your spells are harder to cast, but more
                  | powerful. [potion of mutation]
 88385 | Tomb:1   | Entered Level 1 of the Tomb of the Ancients
 88431 | Tomb:1   | Noticed Sojobo
 88448 | Tomb:1   | Paralysed by an air elemental for 1 turns
 88451 | Tomb:1   | Killed Sojobo
 88515 | Tomb:1   | Noticed Mennas
 88524 | Tomb:1   | Killed Mennas
 88540 | Tomb:1   | Noticed a royal mummy
 88549 | Tomb:1   | Killed a royal mummy
 88766 | Tomb:1   | Identified the +5 halberd of Beogh's Reproof {flame, Dex+4}
 88766 | Tomb:1   | Noticed a royal mummy
 88770 | Tomb:1   | Killed a royal mummy
 88771 | Tomb:1   | Reached skill level 15 in Armour
 88978 | Tomb:2   | Noticed a royal mummy
 88978 | Tomb:2   | Noticed a royal mummy
 88980 | Tomb:2   | Noticed a royal mummy
 88981 | Tomb:2   | Killed a royal mummy
 88981 | Tomb:2   | Noticed a royal mummy
 88982 | Tomb:2   | Killed a royal mummy
 88983 | Tomb:2   | Killed a royal mummy
 88983 | Tomb:2   | Killed a royal mummy
 89078 | Tomb:2   | Reached skill level 27 in Conjurations
 89459 | Tomb:1   | Noticed a royal mummy
 89459 | Tomb:1   | Noticed a royal mummy
 89459 | Tomb:1   | Noticed a royal mummy
 89462 | Tomb:1   | Noticed a royal mummy
 89462 | Tomb:1   | Noticed a royal mummy
 89463 | Tomb:1   | Noticed a royal mummy
 89464 | Tomb:1   | Killed a royal mummy
 89464 | Tomb:1   | Killed a royal mummy
 89464 | Tomb:1   | Killed a royal mummy
 89465 | Tomb:1   | Killed a royal mummy
 89466 | Tomb:1   | Killed a royal mummy
 89466 | Tomb:1   | Killed a royal mummy
 89472 | Tomb:1   | Noticed a royal mummy
 89475 | Tomb:1   | Killed a royal mummy
 89523 | Tomb:1   | Noticed a royal mummy
 89530 | Tomb:1   | Killed a royal mummy
 89532 | Tomb:1   | Noticed a royal mummy
 89534 | Tomb:1   | Noticed a royal mummy
 89535 | Tomb:1   | Noticed a royal mummy
 89536 | Tomb:1   | Killed a royal mummy
 89537 | Tomb:1   | Killed a royal mummy
 89537 | Tomb:1   | Killed a royal mummy
 89541 | Tomb:1   | Noticed a royal mummy
 89564 | Tomb:1   | Killed a royal mummy
 89593 | Tomb:1   | Noticed a royal mummy
 89595 | Tomb:1   | Killed a royal mummy
 89597 | Tomb:1   | Noticed a royal mummy
 89600 | Tomb:1   | Killed a royal mummy
 89688 | Tomb:1   | Noticed a royal mummy
 89690 | Tomb:1   | Killed a royal mummy
 89693 | Tomb:1   | Noticed a royal mummy
 89695 | Tomb:1   | Killed a royal mummy
 89699 | Tomb:1   | Noticed a royal mummy
 89699 | Tomb:1   | Noticed a royal mummy
 89705 | Tomb:1   | Killed a royal mummy
 89707 | Tomb:1   | Killed a royal mummy
 89708 | Tomb:1   | Reached skill level 27 in Dodging
 89791 | Tomb:1   | Noticed a royal mummy
 89795 | Tomb:1   | Killed a royal mummy
 89819 | Tomb:1   | Noticed a royal mummy
 89820 | Tomb:1   | Noticed a royal mummy
 89822 | Tomb:1   | Killed a royal mummy
 89825 | Tomb:1   | Killed a royal mummy
 89936 | Tomb:3   | Entered Level 3 of the Tomb of the Ancients
 89952 | Tomb:3   | Noticed a royal mummy
 89958 | Tomb:3   | Noticed a royal mummy
 89958 | Tomb:3   | Noticed a royal mummy
 89958 | Tomb:3   | Noticed a royal mummy
 89960 | Tomb:3   | Killed a royal mummy
 89960 | Tomb:3   | Killed a royal mummy
 89961 | Tomb:3   | Killed a royal mummy
 89962 | Tomb:3   | Killed a royal mummy
 89968 | Tomb:3   | Gained mutation: You are frail. (-10% HP) [a neqoxec]
 89973 | Tomb:3   | Gained mutation: You are dopey. (Int -2) [a neqoxec]
 89974 | Tomb:3   | Gained mutation: Armour fits poorly on your strangely
                  | shaped body. [a neqoxec]
 90012 | Tomb:3   | Found the amulet of the Air {Inacc Air Fly rElec RMsl}
 90033 | Tomb:3   | Got the Tome of Dislocated Air
 90035 | Tomb:3   | Identified the +3 flail of Bright Gallantry {flame, Fly rN+
                  | Will+}
 90061 | Tomb:3   | Identified the +11 short sword "Newt's Peril" {vorpal,
                  | rPois Int+4}
 90068 | Tomb:3   | Identified the +11 trident of Orhu {vorpal, rCorr Int+4
                  | Stlth+}
 90087 | Tomb:3   | Identified the +3 scale mail "Lenoix" {+Inv}
 90100 | Tomb:3   | Identified the +8 rapier of Absolution {vorpal, Dex+4}
 90103 | Tomb:3   | Identified the amulet "Zampuohe" {Faith -Tele Str+3 Stlth+}
 90122 | Tomb:3   | Noticed a royal mummy
 90131 | Tomb:3   | Noticed a royal mummy
 90135 | Tomb:3   | Killed a royal mummy
 90135 | Tomb:3   | Noticed a royal mummy
 90138 | Tomb:3   | Killed a royal mummy
 90222 | Tomb:3   | Killed a royal mummy
 90533 | Tomb:3   | Got a golden rune of Zot
 90557 | Tomb:3   | Noticed a royal mummy
 90565 | Tomb:3   | Killed a royal mummy
 90999 | D:10     | Lost mutation: Your flesh is cold resistant. (rC+) [potion
                  | of mutation]
 90999 | D:10     | Lost mutation: Your spells are harder to cast, but more
                  | powerful. [potion of mutation]
 90999 | D:10     | Lost mutation: You have sharp toenails. [potion of
                  | mutation]
 90999 | D:10     | Gained mutation: You expend magic power (3 MP) to
                  | strengthen your wands. [potion of mutation]
 90999 | D:10     | Gained mutation: You are completely covered in iridescent
                  | scales. (AC +6) [potion of mutation]
 91000 | D:10     | Lost mutation: Your spells are a little harder to cast, but
                  | a little more powerful. [potion of mutation]
 91000 | D:10     | Lost mutation: You are completely covered in iridescent
                  | scales. (AC +6) [potion of mutation]
 91001 | D:10     | Lost mutation: You are dopey. (Int -2) [potion of mutation]
 91001 | D:10     | Lost mutation: You are frail. (-10% HP) [potion of
                  | mutation]
 91001 | D:10     | Lost mutation: You are mostly covered in iridescent scales.
                  | (AC +4) [potion of mutation]
 91001 | D:10     | Gained mutation: Your natural rate of healing is unusually
                  | fast. [potion of mutation]
 91002 | D:10     | Lost mutation: You expend magic power (3 MP) to strengthen
                  | your wands. [potion of mutation]
 91002 | D:10     | Lost mutation: You are partially covered in iridescent
                  | scales. (AC +2) [potion of mutation]
 91002 | D:10     | Lost mutation: Your natural rate of healing is unusually
                  | fast. [potion of mutation]
 91002 | D:10     | Gained mutation: You are partially covered in iridescent
                  | scales. (AC +2) [potion of mutation]
 91002 | D:10     | Gained mutation: You tend to lose your temper in combat.
                  | [potion of mutation]
 91003 | D:10     | Lost mutation: Your flesh is heat resistant. (rF+) [potion
                  | of mutation]
 91003 | D:10     | Lost mutation: You are partially covered in large bone
                  | plates. (SH +4) [potion of mutation]
 91003 | D:10     | Gained mutation: You are mostly covered in iridescent
                  | scales. (AC +4) [potion of mutation]
 91003 | D:10     | Gained mutation: Your natural rate of healing is unusually
                  | fast. [potion of mutation]
 91003 | D:10     | Gained mutation: You have a pair of small horns on your
                  | head. [potion of mutation]
 91004 | D:10     | Lost mutation: You tend to lose your temper in combat.
                  | [potion of mutation]
 91004 | D:10     | Lost mutation: You are mostly covered in iridescent scales.
                  | (AC +4) [potion of mutation]
 91004 | D:10     | Gained mutation: Your magical capacity is low. (-10% MP)
                  | [potion of mutation]
 91005 | D:10     | Lost mutation: Armour fits poorly on your strangely shaped
                  | body. [potion of mutation]
 91005 | D:10     | Lost mutation: You are partially covered in iridescent
                  | scales. (AC +2) [potion of mutation]
 91005 | D:10     | Lost mutation: You have a pair of small horns on your head.
                  | [potion of mutation]
 91005 | D:10     | Gained mutation: You sometimes lose the ability to read
                  | scrolls when taking damage. [potion of mutation]
 91005 | D:10     | Gained mutation: You have a beak for a mouth. [potion of
                  | mutation]
 91005 | D:10     | Gained mutation: You possess an exceptional clarity of
                  | mind. [potion of mutation]
 91005 | D:10     | Gained mutation: Your flesh is heat resistant. (rF+)
                  | [potion of mutation]
 91006 | D:10     | Lost mutation: You possess an exceptional clarity of mind.
                  | [potion of mutation]
 91006 | D:10     | Lost mutation: Your natural rate of healing is unusually
                  | fast. [potion of mutation]
 91006 | D:10     | Gained mutation: You are somewhat resistant to further
                  | mutation. [potion of mutation]
 91007 | D:10     | Lost mutation: You sometimes lose the ability to read
                  | scrolls when taking damage. [potion of mutation]
 91007 | D:10     | Lost mutation: Your flesh is heat resistant. (rF+) [potion
                  | of mutation]
 91008 | D:10     | Lost mutation: Your system is resistant to poisons. (rPois)
                  | [potion of mutation]
 91008 | D:10     | Lost mutation: You are somewhat resistant to further
                  | mutation. [potion of mutation]
 91008 | D:10     | Gained mutation: You have sharp toenails. [potion of
                  | mutation]
 91008 | D:10     | Gained mutation: Armour fits poorly on your strangely
                  | shaped body. [potion of mutation]
 91008 | D:10     | Gained mutation: You are resistant to electric shocks.
                  | (rElec) [potion of mutation]
 91009 | D:10     | Lost mutation: You have sharp toenails. [potion of
                  | mutation]
 91009 | D:10     | Lost mutation: Armour fits poorly on your strangely shaped
                  | body. [potion of mutation]
 91009 | D:10     | Gained mutation: You are clumsy. (Dex -2) [potion of
                  | mutation]
 91010 | D:10     | Lost mutation: You are clumsy. (Dex -2) [potion of
                  | mutation]
 91010 | D:10     | Lost mutation: Your magical capacity is low. (-10% MP)
                  | [potion of mutation]
 91010 | D:10     | Lost mutation: You are resistant to electric shocks.
                  | (rElec) [potion of mutation]
 91010 | D:10     | Gained mutation: Your muscles are strong. (Str +2) [potion
                  | of mutation]
 91010 | D:10     | Gained mutation: You are partially covered in iridescent
                  | scales. (AC +2) [potion of mutation]
 91248 | Zot:1    | Entered Level 1 of the Realm of Zot
 91252 | Zot:1    | Noticed an orb of fire
 91295 | Zot:1    | Killed an orb of fire
 91300 | Zot:1    | Reached skill level 15 in Transmutations
 91303 | Depths:5 | Upgraded the game from 0.27.1-3-gb3d3a73c9e to
                  | 0.27.1-4-g1640c2035a
 91640 | Zot:1    | You fall into a shaft and drop 1 floor!
 92001 | Zot:2    | Found a large runed translucent door.
 92001 | Zot:2    | Found a large runed translucent door.
 92003 | Zot:2    | Noticed Toelubet's ghost (veteran CeHu)
 92011 | Zot:2    | Killed Toelubet's ghost
 92109 | Zot:2    | Reached skill level 10 in Evocations
 93249 | Zot:3    | Reached skill level 5 in Fire Magic
 93637 | Zot:5    | Entered Level 5 of the Realm of Zot
 93738 | Zot:4    | Noticed an orb of fire
 93739 | Zot:4    | Lost mutation: Your muscles are strong. (Str +2) [an orb of
                  | fire]
 93741 | Zot:4    | Killed an orb of fire
 94470 | Zot:5    | Noticed a dread lich
 94474 | Zot:5    | Killed a dread lich
 94482 | Zot:5    | Noticed an orb of fire
 94483 | Zot:5    | Noticed an orb of fire
 94483 | Zot:5    | Noticed an orb of fire
 94648 | Zot:5    | Killed an orb of fire
 94649 | Zot:5    | Killed an orb of fire
 94861 | Zot:5    | Killed an orb of fire
 94946 | Zot:5    | Noticed an orb of fire
 94955 | Zot:5    | Killed an orb of fire
 95023 | Zot:5    | Noticed an orb of fire
 95034 | Zot:5    | Killed an orb of fire
 95212 | Zot:5    | Noticed an orb of fire
 95220 | Zot:5    | Noticed an orb of fire
 95232 | Zot:4    | Gained mutation: Your body sometimes deteriorates upon
                  | taking damage. [an orb of fire]
 95237 | Zot:4    | Gained mutation: Your spells are a little easier to cast,
                  | but a little less powerful. [an orb of fire]
 95239 | Zot:4    | Gained mutation: You are clumsy. (Dex -2) [an orb of fire]
 95244 | Zot:4    | Killed an orb of fire
 95411 | Zot:5    | Gained mutation: You are weak. (Str -2) [an orb of fire]
 95414 | Zot:5    | Gained mutation: Your body often deteriorates upon taking
                  | damage. [an orb of fire]
 95421 | Zot:5    | Gained mutation: You occasionally shout uncontrollably at
                  | your foes. [an orb of fire]
 95423 | Zot:5    | Killed an orb of fire
 95527 | Zot:4    | Lost mutation: You occasionally shout uncontrollably at
                  | your foes. [potion of mutation]
 95527 | Zot:4    | Lost mutation: Your spells are a little easier to cast, but
                  | a little less powerful. [potion of mutation]
 95527 | Zot:4    | Gained mutation: You have a pair of small antennae on your
                  | head. [potion of mutation]
 95873 | Zot:5    | Got the Orb of Zot
 96481 | D:$      | Escaped with the Orb!

Illustrated notes

Levels and vault maps discovered:
D:1:      evilmike_arrival_hilbert_curve, layout_rooms, minmay_small_reverse_x
D:2:      layout_rooms, dilly_ecumenical_altar_fadedgnrine
D:3:      layout_basic, serial_shops,
          nicolae_shop_temple_entry_statues_fountains, shop,
          nicolae_square_shop, nicolae_lakefront_shop, shop, minmay_box_of_dots,
          uniq_sigmund, uniq_ijyb
D:4:      layout_basic, minmay_temple_entry_stoned_glass, serial_bayou_pond_c
D:5:      layout_basic, zin_scriptorium
D:6:      layout_basic, enter_ossuary_2, serial_shops, nicolae_lakefront_shop,
          minmay_increasing_density
D:7:      layout_rooms
D:8:      layout_loops_ring, gammafunk_ghost_spectres, uniq_maggie
D:9:      layout_gridville, mainiacjoe_overflow_cross_hatched,
          gammafunk_ghost_grave
D:10:     layout_irregular_city, okawaru_ov_weapons_minmay,
          mainiacjoe_overflow_tiny_flanked, bloody_makhleb, lemuel_round_altar,
          david_lair_shrubbed, orc_0_dummy, serial_undead, serial_undead_f,
          serial_undead_d, serial_undead_b, serial_undead_b, serial_undead_e
D:11:     minmay_razor_zed, layout_basic, portal_ice_cave_entry_imps,
          minivault_22, uniq_nergalle
D:12:     layout_loops_cross, serial_glass, glass_columns_a, glass_columns_b,
          glass_columns_b, glass_columns_a, glass_columns_a, glass_columns_a,
          glass_columns_a, glass_columns_c
D:13:     layout_layer_cave, serial_shops, nicolae_shop_crystal
D:14:     minmay_the_grid_3x3 [minmay_the_grid_x, minmay_the_grid_holed_spiral,
          minmay_the_grid_aliased_spiral, minmay_the_grid_paths,
          minmay_the_grid_dragon_b, minmay_the_grid_tiny_cups,
          minmay_the_grid_stretched_grid, minmay_the_grid_tree,
          minmay_the_grid_prize_shrinking_boxes], layout_irregular_city,
          ximxim_vaults_locker_room, minmay_misc_feat_iff, st_stairs_8
D:15:     gammafunk_enter_depths_forms, layout_long_grid, good_gods_temple_1
Temple:   nicolae_temple_x_marks_the_god
Lair:1:   layout_layer_cave
Lair:2:   layout_big_grid, guppyfry_snake_entry_island,
          chequers_serial_rivers_marsh
Lair:3:   layout_gridlike, infiniplex_staircase_pool_2, lemuel_fruit_fields,
          grunt_megastairs_4, serial_bayou_shore_b
Lair:4:   layout_loops_ring, palyth_hydra_swamp_entry
Lair:5:   layout_roguey, slime_altar_1, nicolae_volcano_entry_hallway
Lair:6:   hangedman_lair_in_review, layout_layer_cave, lemuel_centaur_altar,
          serial_bayou_shore_b
Swamp:1:  layout_basic_swamp, nicolae_swamp_dense_foliage, swamp_pool2,
          uniq_aizul, uniq_jorgrun, uniq_nikola
Swamp:2:  layout_falls_marsh, serial_swamp_ruin, evilmike_swamp_ruin_house_6,
          evilmike_swamp_ruin_rubble_1, evilmike_swamp_ruin_house_5
Swamp:3:  layout_basic_swamp, evilmike_swamp_ruin_wall
Swamp:4:  grunt_swamp_rune_castle, layout_basic_swamp
Snake:1:  layout_misc_corridors, minmay_shop_mayhem, grunt_megastairs_2,
          serial_bayou_shore_b, uniq_kirke, uniq_donald
Snake:2:  layout_misc_corridors, serial_shops, nicolae_shop_behind_doors,
          minmay_shop_grove, lemuel_fruit_tree, uniq_azrael
Snake:3:  kennysheep_snake, layout_onion, uniq_mara
Snake:4:  minmay_snake_end_coiled, layout_onion, gammafunk_ghost_arena,
          nicolae_snake_mages_go_home
Slime:1:  cheibrodos_slime_lost_civilization_8, layout_caves,
          cheibrodos_slime_lost_civilization_5
Slime:2:  layout_caves
Slime:3:  layout_caves
Slime:4:  layout_caves
Slime:5
Orc:1:    layout_caves
Orc:2:    grunt_orc_gardens, layout_diamond_mine, grunt_orc_garden,
          grunt_orc_garden, grunt_orc_garden, grunt_orc_garden, serial_shops,
          shop, uniq_rupert
Elf:1:    eino_elf_arrival_shootout, layout_geoelf_diagonals,
          hangedman_corner_corridor, uniq_agnes
Elf:2:    nicolae_elf_blades_crystal_corner, layout_onion_city
Elf:3:    elf_hall, layout_geoelf_diagonals, ebering_ghost_xom
Vaults:1: v_alt_pattern_5, ontoclasm_vaults_shout,
          nicolae_vaults_windows_and_doors_thing, v_misc_11,
          ontoclasm_vaults_ligature, vaults_room_hallway, v_misc_11,
          vaults_dpeg_cross, nicolae_vaults_little_ls, v_misc_18, v_misc_16,
          hangedman_vaults_stitches, hangedman_vaults_corner_blocks,
          layout_vaults_maze_bifur, serial_shops, nicolae_shop_behind_doors,
          enter_trove_6
Vaults:2: vaults_mumra_hex, vaults_mumra_minichess_inversion,
          hangedman_vaults_maws, minmay_crypt_entry_necro_gods,
          nicolae_vaults_little_squares_3, v_rooms_3,
          nicolae_vaults_little_squares_2, v_pattern_5, st_smaller_cells,
          v_misc_3, layout_vaults_omnibox
Vaults:3: nicolae_vaults_disjoint_gnomons, gammafunk_the_bubble
          [the_bubble_gammafunk_split], vaults_room_door_hall,
          grunt_vaults_hallway_long, vaults_room_fours,
          ontoclasm_vaults_ring_small, hangedman_vaults_stagger,
          vaults_dpeg_ring, v_misc_32, nicolae_vaults_little_squares_2,
          nicolae_vaults_theta, nicolae_vaults_three_branches,
          layout_vaults_omnicross, uniq_boris, uniq_margery
Vaults:4: hangedman_vaults_restitches, vaults_door_vault,
          dpeg_vaults_monster_row, ontoclasm_vaults_loading_screen,
          vaults_standard_mumra_enter_the_diamond, v_misc_17,
          vaults_room_large_hall, ontoclasm_vaults_spin, v_misc_24,
          ontoclasm_vaults_ring_small, layout_vaults_chaotic_city
Vaults:5
Crypt:1:  layout_misc_corridors
Crypt:2:  layout_gridlike, minmay_misc_feat_hallway, due_unseen_surprise,
          uniq_xtahua
Crypt:3:  lightli_unholy_cathedral, layout_chaotic_city,
          tomb_entry_simple_bobbens, nrook_guardian_serpent_ordinary
Tomb:1:   uniq_mennas, uniq_sojobo
Tomb:2
Tomb:3
Depths:1: layout_cave_pools, serial_shops, kennysheep_mini,
          grunt_pan_entry_zigzag, hell_entry, evilmike_ruin_ashenzari,
          serial_sigils_hangedman_scratch, kilobyte_mutagenic_chamber
Depths:2: kennysheep_six_static_rooms, layout_gridlike, serial_glass,
          glass_columns_a, glass_columns_a, nicolae_ru_path_of_blood,
          grunt_pan_entry_sceptre, hell_entry, serial_shops, nicolae_shop_trees,
          serial_bayou_shore_b
Depths:3: evilmike_diamond_1, layout_cave_pools, enter_ziggurat_c,
          mu_enter_wizlab_5, grunt_pan_entry_in_and_out,
          nicolae_dithmenos_the_darkroom, serial_shops, bzr_in_the_mist,
          hangedman_coc_ice_floe, cheibriados_altar_1
Depths:4: minmay_triangles_in_corner, layout_cave_pools, solitary_fountain,
          hangedman_abyss_entry_splay, hell_entry, pan_entry, drop_trap,
          nicolae_shop_firing_range
Depths:5: evilmike_zot_entry_argh, layout_cave_pools,
          nicolae_uskayaw_dance_hall, grunt_mini_vestibule, abyss_entry
Hell
Dis:1:    layout_jigsaw, hangedman_dis_decor_blocks_crown
Dis:2:    layout_subdivisions
Dis:3:    layout_subdivisions, hangedman_dis_decor_tower
Dis:4:    layout_chaotic_city, lemuel_elevator
Dis:5:    layout_subdivisions
Dis:6:    layout_jigsaw
Dis:7:    iron_city_of_dis [dis_old, dis_wall_6], layout_chaotic_city
Geh:1:    layout_gehenna_pools_triple, nicolae_geh_fiery_graves
          [nicolae_geh_single_fiery_grave, nicolae_geh_single_fiery_grave,
          nicolae_geh_single_fiery_grave, nicolae_geh_single_fiery_grave,
          nicolae_geh_single_fiery_grave, nicolae_geh_single_fiery_grave,
          nicolae_geh_single_fiery_grave, nicolae_geh_single_fiery_grave,
          nicolae_geh_single_fiery_grave]
Geh:2:    layout_gehenna_lava_caves
Geh:3:    layout_gehenna_lava_caves, lemuel_hellish_altar
Geh:4:    layout_gehenna_lava_caves
Geh:6:    layout_gehenna_pools_triple, nicolae_geh_single_fiery_grave,
          lemuel_flamethrower_2
Geh:7:    evilmike_geh
Coc:1:    layout_ice_bergs
Coc:2:    layout_cocytus_water_paths
Coc:3:    layout_ice_bergs
Coc:4:    layout_cocytus_water_paths
Coc:5:    layout_cocytus_delve, hangedman_mysterious_dungeon_monster_house
Coc:6:    layout_ice_bergs
Coc:7:    coc_grunt
Tar:1:    layout_cathedral_of_symmetry
Tar:2:    layout_honeycomb
Tar:3:    layout_grid_maze
Tar:4:    layout_grid_maze
Tar:5:    layout_grid_maze
Tar:6:    grunt_deathspiral_small, layout_cathedral_of_symmetry
Tar:7:    tar_grunt_cathedral
Zot:1:    layout_misc_corridors
Zot:2:    layout_onion_interference, ebering_ghost_disaster_area
Zot:3:    layout_onion, grunt_ministairs_15, lemuel_elevator
Zot:4:    layout_misc_corridors, grunt_megastairs_5
Zot:5:    layout_misc_corridors, st_stairs_3

Skill      XL: |  1  2  3  4  5  6  7  8  9 10 11 12 13 14 15 16 17 18 19 20 21 22 23 24 25 26 27 |
---------------+----------------------------------------------------------------------------------+-----
Conjurations   | 5 6 7 8 9 10 11 12 13 14 15 16 27 | 27.0
Fighting       | 1 2 3 4 5 6 7 8 9 10 11 12 13 14 15 16 25 | 25.8
Dodging        | 3 4 5 6 7 8 27 | 27.0
Stealth        | 3 4 5 6 7 9 11 12 13 19 | 19.3
Spellcasting   | 4 5 7 9 11 12 14 15 16 17 18 19 20 21 22 23 24 25 26 27 | 27.0
Armour         | 1 3 4 5 18 | 18.4
Evocations     | 1 2 3 4 5 6 7 11 | 11.6
Throwing       | 1 3 4 5 6 |  6.3
Translocations | 2 3 4 5 6 12 | 12.4
Air Magic      | 1 3 4 5 6 7 13 | 13.1
Poison Magic   | 1 4 5 6 7 8 |  8.6
Earth Magic    | 2 3 5 7 9 10 12 13 14 15 16 17 18 19 20 27 | 27.0
Short Blades   | 1 |  1.1
Long Blades    | 3 6 7 9 10 11 12 13 14 15 16 | 16.0
Shields        | 2 4 5 6 7 8 9 10 11 15 | 15.0
Transmutations | 1 2 3 4 5 17 | 17.0
Fire Magic     | 1 2 3 5 |  5.8
Ice Magic      | 1 |  1.3
Invocations    | 1 |  1.3
Summonings     | 4 |  4.0

Action                   |  1- 3 |  4- 6 |  7- 9 | 10-12 | 13-15 | 16-18 | 19-21 | 22-24 | 25-27 || total
-------------------------+-------+-------+-------+-------+-------+-------+-------+-------+-------++-------
Melee: Short sword       |     1 |       |     3 |     6 |       |       |       |       |       ||    10
       Dagger            |       |       |       |    17 |    32 |       |       |       |       ||    49
       Demon blade       |       |       |       |       |   193 |   178 |   258 |    99 |  2058 ||  2786
       Kick              |       |       |       |       |       |       |       |       |   294 ||   294
       Double sword      |       |       |       |       |       |       |       |       |   108 ||   108
       Peck              |       |       |       |       |       |       |       |       |    37 ||    37
Throw: Dart              |       |       |    12 |    65 |    70 |    13 |     7 |     6 |     4 ||   177
       Boomerang         |       |       |       |       |     3 |       |       |       |     2 ||     5
       Throwing net      |       |       |       |       |       |       |       |     3 |     5 ||     8
 Cast: Magic Dart        |    69 |    26 |    21 |    41 |    53 |    18 |     5 |     3 |     4 ||   240
       Searing Ray       |     1 |    15 |    71 |    66 |    42 |     4 |       |       |       ||   199
       Poisonous Vapours |       |       |     2 |    69 |   150 |    29 |    25 |    14 |    23 ||   312
       Stone Arrow       |       |       |     1 |    67 |    85 |    63 |    24 |    16 |    42 ||   298
       Iskenderun's Myst |       |       |       |    34 |    40 |    63 |    60 |    56 |   222 ||   475
       Mephitic Cloud    |       |       |       |     4 |    20 |     3 |     1 |     1 |       ||    29
       Blink             |       |       |       |     1 |     1 |     8 |     5 |     1 |    16 ||    32
       Lee's Rapid Decon |       |       |       |    12 |   117 |   116 |   277 |   338 |  1403 ||  2263
       Iskenderun's Batt |       |       |       |     2 |     3 |     4 |     5 |     1 |     5 ||    20
       Iron Shot         |       |       |       |       |   152 |   328 |   213 |   154 |  1040 ||  1887
       Petrify           |       |       |       |       |    31 |    60 |    87 |    32 |    29 ||   239
       Fireball          |       |       |       |       |    16 |    41 |    34 |    10 |    79 ||   180
       Lightning Bolt    |       |       |       |       |     4 |    23 |     4 |     2 |   298 ||   331
       Airstrike         |       |       |       |       |       |       |     3 |    10 |     9 ||    22
       Shatter           |       |       |       |       |       |       |       |     2 |    81 ||    83
       Statue Form       |       |       |       |       |       |       |       |     1 |   144 ||   145
       Swiftness         |       |       |       |       |       |       |       |     1 |     6 ||     7
       Lehudib's Crystal |       |       |       |       |       |       |       |       |   647 ||   647
       Spellforged Servi |       |       |       |       |       |       |       |       |    35 ||    35
       Passage of Golubr |       |       |       |       |       |       |       |       |    10 ||    10
       Apportation       |       |       |       |       |       |       |       |       |    10 ||    10
       Chain Lightning   |       |       |       |       |       |       |       |       |     3 ||     3
       Passwall          |       |       |       |       |       |       |       |       |     1 ||     1
Evoke: Wand              |       |     2 |    15 |    47 |    71 |    62 |       |    14 |   118 ||   329
       Lightning rod     |       |       |       |       |     2 |    16 |    18 |     8 |    22 ||    66
       Tin of tremorston |       |       |       |       |       |     2 |     2 |     5 |    15 ||    24
  Use: Scroll            |       |       |    13 |     2 |    23 |     8 |     8 |    18 |    55 ||   127
       Potion            |       |       |       |       |     3 |     4 |     3 |     4 |    53 ||    67
 Stab: Confused          |       |       |       |       |     4 |       |       |       |       ||     4
       Petrified         |       |       |       |       |    49 |    84 |   136 |    36 |    57 ||   362
       Paralysed         |       |       |       |       |    11 |    18 |       |       |       ||    29
       Petrifying        |       |       |       |       |     1 |       |    12 |     1 |     3 ||    17
       Sleeping          |       |       |       |       |       |       |       |       |    10 ||    10
       Distracted        |       |       |       |       |       |       |       |       |     5 ||     5
Armor: Robe              |     3 |       |       |       |       |       |       |       |       ||     3
       Leather armour    |     1 |     5 |    18 |       |       |       |       |       |       ||    24
       Troll leather arm |       |       |       |    55 |   145 |   166 |   149 |    60 |   554 ||  1129
       Skin              |       |       |       |       |       |       |       |     7 |   882 ||   889
Dodge: Dodged            |    11 |     7 |    24 |    85 |   277 |   245 |   191 |    75 |  2128 ||  3043
Block: Buckler           |       |       |       |       |       |    86 |    64 |       |       ||   150
       Kite shield       |       |       |       |       |       |       |     6 |    93 |  2255 ||  2354
       Rpst.: Demon blade |       |       |       |       |    38 |    42 |    23 |    14 |   302 ||   419
       Double sword      |       |       |       |       |       |       |       |       |    52 ||    52
